Cogmind - Beta 13 X1 @@@ ROGUE MODE // 2023.12.12 @ 23:12:00 Player: Plexion Result: Destroyed Tau Ceti IV! Performance ------------- Evolutions (9) 4500 Regions Visited (37) 7400 Robots Destroyed (198) 990 Value Destroyed (7892) 7892 Prototype IDs (111) 2220 Alien Tech Used (14) 2800 Bonus (37554) 37554 TOTAL SCORE: 63356 Bonus ------- Triggered Max Security 2000 High Alert Combat Kills 999 Follower Combat Kills 4079 Met Data Miner 300 Met Imprinter 300 Was Imprinted 300 Met Zhirov 300 Met Warlord at Base 500 MAIN.C Attacked Warlord 500 Warlord Defense Kills 400 Used Core Reset Matrix 3000 Scanned by Researcher 500 Pursued by Intercept 500 Integrated Exoskeleton 5000 Destroyed MAIN.C Guards 500 Met MAIN.C 5000 Destroyed MAIN.C Shell 5000 Met Architect 300 Started Test 138-B 500 Started Test 138-C 8000 Destroyed A2 1000 Win 3000 Friendly Fire -4424 Cogmind --------- Core Integrity 436/1600 Matter 293/300 Energy 1346/1540 System Corruption 4% Temperature Cool (0) Movement Walking (30) Location Subspace Parts ------- > --- POWER (1) -------- Zero-point Reactor > --- PROPULSION (3) --- Sigix Exoskeleton > --- UTILITY (4) ------ Experimental Energy Well Experimental Energy Well Experimental Targeting Computer AEGIS Remote Shield > --- WEAPON (3) ------- Sigix Sheargun Core Stripper > --- INVENTORY (7) ---- Experimental Energy Well (600) Peak State ------------ > --- POWER ------------ Zero-point Reactor > --- PROPULSION ------- Sigix Exoskeleton > --- UTILITY ---------- Experimental Targeting Computer Advanced Cloaking Device Thermal Barrier AEGIS Remote Shield > --- WEAPON ----------- Sigix Sheargun Sigix Sheargun Sigix Sheargun > --- INVENTORY -------- Experimental Energy Well Experimental Energy Well Transdimensional Reconstructor Subatomic Replicator Terrabomb Core Stripper [Rating: 239] Favorites ----------- Power Micro Nuclear Core Engine Ion Engine Power Core Micro Nuclear Core Reactor Light Antimatter Reactor Propulsion Combat Antigrav System Treads Light Treads Leg Sigix Exoskeleton Wheel Wheel Hover Unit Combat Antigrav System Flight Unit Cesium-ion Thruster Utility Advanced Signal Interpreter Device Advanced Sensor Array Storage Large Storage Unit Processor Advanced Signal Interpreter Hackware Hacking Suite Protection Medium Armor Plating Weapon Antimatter Cannon Energy Gun Sigix Sheargun Energy Cannon Compact HERF Cannon Ballistic Gun Light Assault Rifle Ballistic Cannon Antimatter Cannon Launcher Mini Grenade Launcher Impact Weapon Core Stripper Slashing Weapon Phasing Sabre Special Melee Weapon Advanced Datajack Build | -11 -10 -10 -10 -9 -8 -7 -7 -7 -7 -6 -6 -6 -6 -6 -6 -6 -5 -5 -5 -5 -5 -4 -4 -4 -4 -4 -4 -4 -3 -3 -3 -2 -2 -2 -1 -1 -1 ------- Run | Jun Mat Min Exi Min Mat Fac Low Low Dat Pro Fac Was Fac Low Low Zio Pro Fac Upp Upp War Pro Fac Was Fac Upp Upp Zhi Pro Res Tes Res Qua Sec Acc Com Ac0 Slots Evolved 18 | . . . . . 4 2 . . . . 2 . . . . . . 2 . . . . 2 . . . . . . 2 . 2 . . 2 . . Power 2 | . . . . . . . . . . . 1 . . . . . . . . . . . . . . . . . . . . 1 . . . . . Propulsion 5 | . . . . . 2 . . . . . 1 . . . . . . . . . . . . . . . . . . 1 . 1 . . . . . Utility 10 | . . . . . 2 2 . . . . . . . . . . . 2 . . . . 2 . . . . . . 1 . . . . 1 . . Weapon 1 | . . . . . . . . . . . . . . . . . . . . . . . . . . . . . . . . . . . 1 . . Parts Attached 472 | 6 7 4 25 . 36 16 3 12 . 8 18 . 27 1 . 10 6 19 2 2 12 1 16 12 17 5 1 19 4 26 49 35 20 26 3 22 2 Power 39 | 1 2 . 1 . 2 . . . . . 3 . 2 . . . . 1 . . 1 . . 3 3 . . 1 . 3 5 5 1 3 1 1 . Engine 6 | 1 2 . 1 . . . . . . . 2 . . . . . . . . . . . . . . . . . . . . . . . . . . Core 7 | . . . . . 2 . . . . . 1 . 2 . . . . 1 . . . . . . . . . . . . . 1 . . . . . Reactor 26 | . . . . . . . . . . . . . . . . . . . . . 1 . . 3 3 . . 1 . 3 5 4 1 3 1 1 . Propulsion 47 | 2 1 . 5 . 11 4 . . . . 4 . 5 . . 1 . . . . 1 . . . 3 . . . . 1 . 2 4 3 . . . Treads 16 | 2 1 . 2 . 11 . . . . . . . . . . . . . . . . . . . . . . . . . . . . . . . . Leg 2 | . . . 2 . . . . . . . . . . . . . . . . . . . . . . . . . . . . . . . . . . Wheel 1 | . . . 1 . . . . . . . . . . . . . . . . . . . . . . . . . . . . . . . . . . Hover 20 | . . . . . . . . . . . . . 5 . . 1 . . . . 1 . . . 3 . . . . 1 . 2 4 3 . . . Flight 8 | . . . . . . 4 . . . . 4 . . . . . . . . . . . . . . . . . . . . . . . . . . Utility 243 | 1 2 2 14 . 10 11 2 6 . 2 11 . 14 1 . 5 4 17 2 2 8 . 11 1 9 1 . 11 2 12 24 17 11 11 1 17 1 Device 175 | . . 1 6 . 1 6 1 5 . 2 7 . 8 1 . 5 4 14 1 1 6 . 10 1 7 1 . 9 2 9 22 17 11 8 . 9 . Storage 16 | 1 1 . 2 . . 1 . . . . . . 1 . . . . . . . . . . . . . . . . 1 1 . . 2 . 5 1 Processor 10 | . . . . . 2 1 . . . . 1 . . . . . . 1 1 . . . 1 . . . . . . 1 . . . . 1 1 . Hackware 14 | . . . . . 1 2 . 1 . . 1 . 4 . . . . . . . . . . . 1 . . . . 1 . . . 1 . 2 . Protection 28 | . 1 1 6 . 6 1 1 . . . 2 . 1 . . . . 2 . 1 2 . . . 1 . . 2 . . 1 . . . . . . Artifact . | . . . . . . . . . . . . . . . . . . . . . . . . . . . . . . . . . . . . . . Weapon 143 | 2 2 2 5 . 13 1 1 6 . 6 . . 6 . . 4 2 1 . . 2 1 5 8 2 4 1 7 2 10 20 11 4 9 1 4 1 Energy Gun 7 | 1 . 1 . . . . . . . . . . . . . . . . . . . . . . . . . . . . 1 . . . 1 3 . Energy Cannon 24 | . . . . . . . . . . . . . . . . . . . . . . . . 2 . . . . . 3 5 4 2 8 . . . Ballistic Gun 32 | 1 . 1 3 . 9 . . 3 . 3 . . 1 . . . . . . . . . . 2 . . . 2 . 2 4 1 . . . . . Ballistic Cannon 30 | . . . . . . . . . . . . . 3 . . 2 1 1 . . 1 . 3 2 1 1 . 3 1 3 1 6 1 . . . . Launcher 20 | . 2 . 2 . 3 . 1 3 . 3 . . 2 . . . 1 . . . . . . 1 . 2 . . . . . . . . . . . Special Weapon . | . . . . . . . . . . . . . . . . . . . . . . . . . . . . . . . . . . . . . . Impact Weapon 2 | . . . . . . . . . . . . . . . . . . . . . . . . . . . . . . . . . . . . 1 1 Slashing Weapon 19 | . . . . . 1 1 . . . . . . . . . 2 . . . . 1 1 1 1 1 1 1 2 1 2 1 . 1 1 . . . Piercing Weapon . | . . . . . . . . . . . . . . . . . . . . . . . . . . . . . . . . . . . . . . Special Melee Weapon 9 | . . . . . . . . . . . . . . . . . . . . . . . 1 . . . . . . . 8 . . . . . . Unidentified Prototypes 41 | . . 1 5 . 3 . . . . . 1 . 2 1 . 1 . . . 1 4 . . . . . . 3 . . 7 1 1 3 1 6 . Parts Lost 23 | . . . . . . . . . . . 1 . . . . . . . . . . . 1 . . . . 1 . . 2 3 3 12 . . . Power 6 | . . . . . . . . . . . . . . . . . . . . . . . . . . . . . . . 1 1 1 3 . . . Propulsion 6 | . . . . . . . . . . . 1 . . . . . . . . . . . . . . . . . . . . . . 5 . . . Utility 7 | . . . . . . . . . . . . . . . . . . . . . . . . . . . . 1 . . . 1 2 3 . . . Weapon 4 | . . . . . . . . . . . . . . . . . . . . . . . 1 . . . . . . . 1 1 . 1 . . . Highest Loss Streak 9 | . . . . . . . . . . . 1 . . . . . . . . . . . 1 . . . . 1 . . 1 2 2 9 . . . To Critical Strikes . | . . . . . . . . . . . . . . . . . . . . . . . . . . . . . . . . . . . . . . Average Slot Usage (%) 91 | . 94 100 99 100 97 91 96 100 100 100 99 100 90 86 87 87 93 94 94 93 90 88 89 90 94 95 95 86 94 94 90 93 89 58 69 71 67 Engine 2 | . 14 14 14 14 3 . . . . . 3 . . . . . . . . . . . . . . . . . . . . . . . . . . Core 3 | . . . . . 5 7 7 7 7 7 8 13 12 12 12 12 12 11 11 11 5 . . . . . . . . . . 3 . . . . . Reactor 3 | . . . . . . . . . . . . . . . . . . . . . 2 5 5 5 9 10 10 10 10 9 9 8 11 6 9 9 9 Treads 7 | . 28 28 26 . 35 2 . . . . . . . . . . . . . . . . . . . . . . . . . . . . . . . Hover 18 | . . . . . . . . . . . . . 7 31 31 32 37 33 33 33 33 33 30 30 30 30 30 30 30 31 31 33 33 17 . . . Flight 3 | . . . . . . 27 30 30 30 30 32 33 25 . . . . . . . . . . . . . . . . . . . . . . . . Device 14 | . . . 2 . . 8 6 7 7 7 5 6 9 10 12 14 18 21 22 21 20 16 24 25 26 25 25 20 24 25 21 19 18 13 18 17 9 Storage 6 | . 14 14 13 14 9 7 7 7 7 7 6 6 6 6 6 6 6 5 5 5 5 5 5 5 5 5 5 5 5 4 4 4 4 2 . 2 18 Processor 6 | . . . . . 2 6 7 7 7 7 6 6 6 6 6 6 6 11 11 11 11 11 10 10 10 10 10 10 10 10 9 8 7 2 6 6 9 Hackware 3 | . . . . . 4 19 23 23 23 23 20 20 13 6 6 3 . . . . . . . . . . . . . 1 4 4 4 2 . . . Protection 4 | . 9 14 12 14 17 1 . . . . . . . . . . . . . . 1 5 5 5 3 5 5 3 5 1 1 4 4 2 . . . Energy Gun 1 | . 13 2 1 . . . . . . . . . . . . . . . . . . . . . . . . . . . . . . 4 26 25 9 Ballistic Gun 4 | . 13 2 25 14 16 1 . . . 1 . . . . . . . . . . . . . . . . . . . . . . . . . . . Ballistic Cannon 3 | . . . . . . . . . . . . . 1 12 12 6 5 8 11 11 6 5 8 8 7 5 5 4 6 2 1 2 1 . . . . Launcher 1 | . 1 23 . 14 . . 4 6 7 5 6 6 . . . . . . . . . . . . . 2 . . . . . . . . . . . Slashing Weapon 2 | . . . . . 1 6 7 7 7 7 6 6 5 . . 4 6 1 . . 3 5 1 . 2 1 4 2 4 3 3 3 1 1 . . . Naked Turns 47 | . . . . . . . . . . . . . . . . . . . . . . . . . . . . . . . . . . 47 . . . Heaviest Build 127 | 13 31 31 59 54 66 61 21 24 19 20 25 25 61 61 61 61 60 78 75 75 91 87 95 93 89 82 78 90 94 110 126 127 125 120 57 59 51 Greatest Support 125 | 40 40 40 60 60 80 80 20 20 20 20 29 36 64 64 64 64 92 92 92 92 93 93 93 93 96 96 96 96 96 112 112 125 125 125 60 60 60 Greatest Overweight (x) 3 | . . . 3 . . . 1 1 . . . . 1 . . . . . . . . . 1 . . . . . . . 1 1 1 3 . . . Average Overweight (x) . | . . . . . . . . . . . . . . . . . . . . . . . . . . . . . . . . . . . . . . Largest Inventory Capacity 22 | 8 15 15 20 20 20 20 10 10 10 10 10 10 15 15 15 15 15 15 15 15 15 15 15 15 15 15 15 15 15 20 20 20 20 22 7 7 7 Average Capacity 15 | 7 9 15 16 20 20 11 10 10 10 10 10 10 10 15 15 15 15 15 15 15 15 15 15 15 15 15 15 15 15 18 20 20 20 15 7 7 7 Most Carried 20 | 3 15 15 20 20 20 20 10 10 10 10 10 10 15 15 15 15 15 15 15 15 15 15 15 15 15 15 15 15 15 18 20 20 20 20 6 7 3 Average Carried 14 | 1 5 14 10 20 19 10 9 10 10 9 9 10 9 14 14 14 14 14 15 14 14 14 14 14 14 14 14 14 15 15 19 19 19 12 5 5 2 Final Capacity 20 | 8 15 15 20 20 20 10 10 10 10 10 10 10 15 15 15 15 15 15 15 15 15 15 15 15 15 15 15 15 15 20 20 20 20 7 7 7 7 Final Carried 20 | 3 15 15 20 20 20 10 10 10 10 10 10 10 15 15 15 15 15 15 15 15 15 15 15 15 15 15 15 15 15 18 20 20 20 6 5 4 1 Class Distribution -------------------- 25% | Machinist-Scout 21% | Mutant 17% | Machinist-Mutant 11% | Machinist-Ninja 10% | Hacker-Sprinter 4% | Alien-Sigix Dominant Class ---------------- Mutant | -10/Materials Mutant | -10/Mines Mutant | -10/Exiles Mutant | -9/Mines Mutant | -8/Materials Hacker-Sprinter | -7/Factory Hacker-Sprinter | -7/Lower Caves Hacker-Sprinter | -7/Lower Caves Hacker-Sprinter | -7/Data Miner Hacker-Sprinter | -6/Proximity Caves Hacker-Sprinter | -6/Factory Hacker-Sprinter | -6/Waste Hacker-Sprinter | -6/Factory Machinist-Mutant | -6/Lower Caves Machinist-Mutant | -6/Lower Caves Machinist-Mutant | -6/Zion Machinist-Mutant | -5/Proximity Caves Machinist-Mutant | -5/Factory Machinist-Mutant | -5/Upper Caves Machinist-Scout | -5/Upper Caves Machinist-Scout | -5/Warlord Machinist-Scout | -4/Proximity Caves Machinist-Scout | -4/Factory Machinist-Scout | -4/Waste Machinist-Scout | -4/Factory Machinist-Scout | -4/Upper Caves Machinist-Scout | -4/Upper Caves Machinist-Mutant | -4/Zhirov Machinist-Ninja | -3/Proximity Caves Machinist-Ninja | -3/Research Machinist-Ninja | -3/Testing Machinist-Ninja | -2/Research Machinist-Scout | -2/Quarantine Alien-Scout | -2/Section 7 Alien-Sigix | -1/Access Alien-Sigix | -1/Command Alien-Sigix | -1/Access_0 Resources | -11 -10 -10 -10 -9 -8 -7 -7 -7 -7 -6 -6 -6 -6 -6 -6 -6 -5 -5 -5 -5 -5 -4 -4 -4 -4 -4 -4 -4 -3 -3 -3 -2 -2 -2 -1 -1 -1 ----------- Run | Jun Mat Min Exi Min Mat Fac Low Low Dat Pro Fac Was Fac Low Low Zio Pro Fac Upp Upp War Pro Fac Was Fac Upp Upp Zhi Pro Res Tes Res Qua Sec Acc Com Ac0 Matter Collected 9375 | 260 71 53 996 . 1176 . 246 134 . 111 317 . 404 52 43 68 222 240 96 74 446 26 302 250 317 325 28 114 243 432 819 586 527 252 . 139 6 Remotely . | . . . . . . . . . . . . . . . . . . . . . . . . . . . . . . . . . . . . . . Salvage Created 10479 | . 282 33 577 . 2092 20 . 117 . 14 317 . 363 . 40 . 205 107 . 109 100 16 479 772 213 146 113 86 17 484 768 586 247 564 . 1538 74 Parts 502 | . 14 7 26 . 127 3 . 3 . 3 10 . 21 . . . 13 5 . 5 3 2 20 33 3 3 . . . 27 49 38 8 30 . 49 . Haulers Intercepted 9 | . 2 . . . 5 . . . . . . . 2 . . . . . . . . . . . . . . . . . . . . . . . . Recyclers Shooed 6 | . 1 . . . 2 . . . . . . . . . . . . . . . . . . . 1 . . . . . . 2 . . . . . Parts Field Recycled . | . . . . . . . . . . . . . . . . . . . . . . . . . . . . . . . . . . . . . . Retrieved Matter . | . . . . . . . . . . . . . . . . . . . . . . . . . . . . . . . . . . . . . . Parts Self-Destructed 198 | . . . . . . . . 8 . 5 . . . 16 19 . 25 . 7 23 . 18 . . . 25 52 . . . . . . . . . . Prevented 5 | . . . . . . . . 4 . . . . . . . . . . 1 . . . . . . . . . . . . . . . . . . Kills | -11 -10 -10 -10 -9 -8 -7 -7 -7 -7 -6 -6 -6 -6 -6 -6 -6 -5 -5 -5 -5 -5 -4 -4 -4 -4 -4 -4 -4 -3 -3 -3 -2 -2 -2 -1 -1 -1 ------- Run | Jun Mat Min Exi Min Mat Fac Low Low Dat Pro Fac Was Fac Low Low Zio Pro Fac Upp Upp War Pro Fac Was Fac Upp Upp Zhi Pro Res Tes Res Qua Sec Acc Com Ac0 Combat Hostiles Destroyed 120 | . 5 5 5 . 39 . . 1 . 2 . . . . . . 6 2 . 3 3 . 5 . 3 8 1 . 1 4 8 3 2 6 . 7 1 Melee 4 | . . . . . . . . . . . . . . . . . . . . . . . . . . 1 . . . . 3 . . . . . . Guns 55 | . 5 . 2 . 31 . . 1 . . . . . . . . . . . . . . . . . . . . . 2 5 2 . . . 7 . Cannons 30 | . . . . . . . . . . . . . . . . . 5 2 . 3 3 . 5 . 3 . 1 . 1 2 . 1 . 4 . . . AOE 26 | . . 5 3 . 8 . . . . 2 . . . . . . 1 . . . . . . . . 7 . . . . . . . . . . . Classes Destroyed 26 | . 4 1 3 . 8 . . . . 1 . . 1 . 1 . . 1 . 1 . 1 . 1 . . . . . . 1 . 1 . . 1 . Worker 9 | . 1 . . . 6 . . . . . . . . . . . . . . . . . . . . . . . . 1 1 . . . . . . Builder 9 | . . 1 . . 1 . . . . . 1 . 1 . . . . . . . . . 1 . . . . . . 1 1 2 . . . . . Tunneler 3 | . . . . . . . . . . . . . 1 . . . . . . . . . 1 . . . . . . . . 1 . . . . . Hauler 9 | . 2 . . . 5 . . . . . . . 2 . . . . . . . . . . . . . . . . . . . . . . . . Recycler 11 | . . . . . 1 . . . . . 2 . 1 . . . . . . . . . 2 . 1 . . . . 1 . 2 . 1 . . . Operator 5 | . . . . . 1 1 . . . . . . 1 . . . . 1 . . . . . . . . . . . . . . . . . 1 . Drone 2 | . . . . . . . . . . 1 . . . . . . 1 . . . . . . . . . . . . . . . . . . . . Turret 1 | . . . 1 . . . . . . . . . . . . . . . . . . . . . . . . . . . . . . . . . . Watcher 11 | . . . . . 5 . . . . . . . . . . . . . . . . . 1 . 1 . . . . 2 1 . 1 . . . . Swarmer 23 | . 2 3 . . 9 . . 1 . 1 . . . . . . . . . . . . . . . 5 . . . . 2 . . . . . . Grunt 32 | . 3 2 . . 17 . . . . . . . . . . . 5 . . . 1 . . . 2 2 . . . . . . . . . . . Brawler 3 | . . . . . 1 . . . . . . . . . . . . . . . . . . . . . 1 . . . . . . . . 1 . Duelist 3 | . . . . . 2 . . . . . . . . . . . . . . . . . . . . 1 . . . . . . . . . . . Protector 1 | . . . . . 1 . . . . . . . . . . . . . . . . . . . . . . . . . . . . . . . . Researcher 3 | . . . . . . . . . . . . . . . . . . . . . . . . . . . . . . . 2 . . 1 . . . Sentry 9 | . . . . . 7 . . . . . . . . . . . . . . . . . . . . . . . . . . 1 . . . 1 . Specialist 2 | . . . . . 2 . . . . . . . . . . . . . . . . . . . . . . . . . . . . . . . . Hunter 2 | . . . . . . . . . . . . . . . . . . . . . . . . . . . . . . . . . 2 . . . . Programmer 31 | . . . . . . . . . . . . . . . . . . 2 . 2 2 . 5 . 1 . . . 1 4 6 2 . 6 . . . Behemoth 1 | . . . . . . . . . . . . . . . . . . . . . . . . . . . . . . . . . . . . 1 . M Guard 2 | . . . . . . . . . . . . . . . . . . . . . . . . . . . . . . . . . . . . 2 . Enhanced Grunt 2 | . . . . . . . . . . . . . . . . . . . . . . . . . . . . 2 . . . . . . . . . Combat Programmer 1 | . . . . . . . . . . . . . . . . . . . . . . . . . . . . . . . . . . . . 1 . Zionite 8 | . . . 8 . . . . . . . . . . . . . . . . . . . . . . . . . . . . . . . . . . Z-Light 1 | . . . . . . . . . . . . . . . . . . . . 1 . . . . . . . . . . . . . . . . . Packrat 1 | . . . . . . . . 1 . . . . . . . . . . . . . . . . . . . . . . . . . . . . . Samaritan 1 | . . . . . . . . . . . . . . . 1 . . . . . . . . . . . . . . . . . . . . . . Tinkerer 1 | . . . . . . . . . . . . . . . . . . . . . . 1 . . . . . . . . . . . . . . . Assembled 4 | . . . 4 . . . . . . . . . . . . . . . . . . . . . . . . . . . . . . . . . . Wasp 3 | . . . . . . . . . . . . . . . . . . . . . . . . 3 . . . . . . . . . . . . . Thug 6 | . . . . . . . . . . . . . . . . . . . . . . . . 6 . . . . . . . . . . . . . Butcher 2 | . . . . . . . . . . . . . . . . . . . . . . . . 2 . . . . . . . . . . . . . Martyr 1 | . . . . . . . . . . . . . . . . . . . . . . . . 1 . . . . . . . . . . . . . Best Kill Streak 10 | . 3 3 3 . 10 1 . 1 . 1 1 . 1 . . . 2 1 . 3 2 . 4 . 2 4 1 . 1 5 4 3 2 3 . 3 1 Combat Bots Only 6 | . 1 3 3 . 6 . . 1 . 1 . . . . . . 2 1 . 3 2 . 2 . 1 4 1 . 1 2 3 2 2 3 . 3 1 Max Kills in Single Turn 3 | . 1 3 2 . 3 1 . 1 . 1 1 . 1 . 1 . 1 1 . 2 1 1 1 2 1 2 1 1 1 2 1 1 1 1 . 1 1 Gunslinging . | . . . . . . . . . . . . . . . . . . . . . . . . . . . . . . . . . . . . . . Exploded 3 | . . 3 2 . 2 . . . . 1 . . . . . . 1 . . . . . . . . 2 . . . . . . . . . . . Melee 1 | . . . . . . . . . . . . . . . . . . . . . . . . . . 1 . . . . 1 . . . . . . Uniques/NPCs Destroyed 6 | . . . 4 . . . . . . . . . . . . . . . . . . . . . . . . . . . . . . . . 1 1 8R-AWN (-10/Exiles) EX-BIN (-10/Exiles) EX-DEC (-10/Exiles) EX-HEX (-10/Exiles) MAIN.C Shell (-1/Command) A2 (-1/Access_0) Combat | -11 -10 -10 -10 -9 -8 -7 -7 -7 -7 -6 -6 -6 -6 -6 -6 -6 -5 -5 -5 -5 -5 -4 -4 -4 -4 -4 -4 -4 -3 -3 -3 -2 -2 -2 -1 -1 -1 -------- Run | Jun Mat Min Exi Min Mat Fac Low Low Dat Pro Fac Was Fac Low Low Zio Pro Fac Upp Upp War Pro Fac Was Fac Upp Upp Zhi Pro Res Tes Res Qua Sec Acc Com Ac0 Damage Taken 15438 | . 164 98 229 . 1222 . 50 62 . 67 80 . 39 . . . . 22 . 55 131 . 133 . 90 . . 150 96 572 1794 1464 1783 3551 77 3005 504 Core 2619 | . 39 . 15 . 112 . 10 46 . 34 18 . 6 . . . . . . . 18 . . . . . . . 25 24 281 75 65 759 23 911 158 Absorbed by Shields 3151 | . . . . . . . . . . . . . . . . . . . . . . . 11 . . . . . . . 127 . 132 301 70 2035 475 Ignored by Resistances 8340 | . . . . . 68 . . . . . . . . . . . . . . . . . . . . . . . . . . . . 1005 214 6017 1036 Regen/Repaired (Parts) 2757 | . . . . . . . . . . . . . . . . . . . . . . . . 41 . . . . . . 247 758 809 902 . . . Core Remaining (%) 76 | 100 . . . 78 79 . . . . 87 . . . . . . 97 . . . . 98 . . . . . . 97 . 76 . . 29 . . 27 Volleys Fired 786 | . 30 5 125 . 127 . . 12 . 20 . . 1 3 6 . 21 15 . 5 31 1 17 35 24 9 3 8 9 19 55 37 32 44 14 78 . Largest 3 | . 2 2 2 . 2 . . 1 . 1 . . 1 1 1 . 1 2 . 2 2 1 2 1 2 2 1 2 2 2 1 1 1 2 1 3 . Hottest 300 | . 70 60 50 . 60 . . 30 . 30 . . 40 40 40 . 40 80 . 80 80 40 80 94 80 80 40 80 80 94 130 130 94 200 100 300 . Shots Fired 1164 | . 59 10 162 . 243 . . 12 . 20 . . 2 3 6 . 21 21 . 9 56 1 28 35 35 10 3 10 13 30 56 37 32 53 14 183 . Gun 763 | . 59 . 160 . 228 . . 11 . 16 . . . . . . . . . . . . . 6 . . . 4 . 13 42 13 . 14 14 183 . Cannon 359 | . . . . . . . . . . . . . 1 3 6 . 20 21 . 9 56 1 28 29 35 2 3 6 13 17 14 24 32 39 . . . Launcher 42 | . . 10 2 . 15 . . 1 . 4 . . 1 . . . 1 . . . . . . . . 8 . . . . . . . . . . . Special . | . . . . . . . . . . . . . . . . . . . . . . . . . . . . . . . . . . . . . . Kinetic 800 | . 30 . 160 . 228 . . 11 . 16 . . 1 3 6 . 20 21 . 9 56 1 28 17 35 2 3 10 13 26 50 31 23 . . . . Thermal 72 | . 29 . . . . . . . . . . . . . . . . . . . . . . . . . . . . . 4 1 . 38 . . . Explosive 42 | . . 10 2 . 15 . . 1 . 4 . . 1 . . . 1 . . . . . . . . 8 . . . . . . . . . . . Electromagnetic 39 | . . . . . . . . . . . . . . . . . . . . . . . . 18 . . . . . 4 2 5 9 1 . . . Slashing 211 | . . . . . . . . . . . . . . . . . . . . . . . . . . . . . . . . . . 14 14 183 . Robot Hit Streak 42 | . 8 3 42 . 11 . . . . . . . 5 . 2 . 5 4 . 4 12 . 10 5 7 4 6 15 19 12 13 5 6 21 . 28 . Robot Miss Streak 5 | . 3 2 3 . 3 . . . . . . . . . 1 . 5 2 . 1 3 . 1 2 2 . . . 1 1 5 2 2 1 . 3 . Penetration Max 2 | . . . 1 . 2 . . 1 . . . . . . . . . . . . . . . 1 . . . . . 1 1 . . . . 1 . Secondary Targets 4 | . . . . . . . . . . . . . . . . . . . . . . . . . . . . . . . . . . 1 . 3 . Max Gunslinging Chain 1 | . . . . . . . . . . . . . . . . . . . . . . . . . . . . . . . . . . 1 . 1 . Capacitor 37 | . . . . . . . . . . . . . . . . . . . . . . . . . . . . . . . 6 4 8 19 . . . Shots Hit Robots 766 | . 39 4 116 . 166 4 . 1 . . 8 . 10 . 2 . 12 5 . 5 29 1 22 25 18 4 3 10 5 27 56 21 9 30 . 131 3 Core Hits 373 | . 15 8 41 . 103 1 . 4 . 5 1 . 7 . 1 . 7 3 . 4 15 1 10 12 7 14 2 4 2 8 24 9 3 8 . 54 . Critical Kills 34 | . . . 7 . 5 . . 1 . . . . . . . . . . . . . . . 5 . . . 2 . 2 8 2 . 2 . . . Critical Parts Destroyed 39 | . . . 9 . 6 . . 1 . . . . . . . . . . . . . . . . . . . . . 4 15 4 . . . . . Critical Strikes 95 | . 4 . 18 . 13 1 . 2 . . . . . . . . 2 . . . 1 . . 6 2 . . 3 . 6 27 6 1 2 . 1 . Burn 4 | . 4 . . . . . . . . . . . . . . . . . . . . . . . . . . . . . . . . . . . . Meltdown 2 | . . . . . . . . . . . . . . . . . . . . . . . . . . . . . . . . . . 2 . . . Destroy 76 | . . . 18 . 13 . . 2 . . . . . . . . . . . . . . . 5 . . . 3 . 6 23 6 . . . . . Blast 5 | . . . . . . . . . . . . . . . . . 2 . . . 1 . . . 2 . . . . . . . . . . . . Corrupt 1 | . . . . . . . . . . . . . . . . . . . . . . . . . . . . . . . . . 1 . . . . Sever 7 | . . . . . . 1 . . . . . . . . . . . . . . . . . 1 . . . . . . 4 . . . . 1 . Melee Attacks 366 | . . . . . 12 17 21 18 . 22 35 . 28 . . . 3 2 . . 26 5 6 10 5 2 3 1 5 35 60 38 3 5 . 1 3 Kinetic 4 | . . . . . . . . . . . . . . . . . . . . . . . . . . . . . . . . . . . . 1 3 Impact . | . . . . . . . . . . . . . . . . . . . . . . . . . . . . . . . . . . . . . . Slashing 358 | . . . . . 12 17 21 18 . 22 35 . 28 . . . 3 2 . . 26 5 5 10 5 2 3 1 5 35 57 38 3 5 . . . Piercing . | . . . . . . . . . . . . . . . . . . . . . . . . . . . . . . . . . . . . . . Sneak Attacks 45 | . . . . . 5 1 . 1 . . 4 . 5 . . . . . . . . 1 4 10 . . . 1 . 3 3 7 . . . . . Combat Hostiles . | . . . . . . . . . . . . . . . . . . . . . . . . . . . . . . . . . . . . . . Follow-up Attacks . | . . . . . . . . . . . . . . . . . . . . . . . . . . . . . . . . . . . . . . Damage Inflicted 33834 | . 444 597 1443 . 4173 196 . 110 . 263 462 . 557 . 65 . 501 261 . 273 1234 67 1037 1442 744 1478 132 324 211 1039 2606 1047 463 1642 . 10798 225 Guns 16510 | . 438 . 1264 . 2390 . . 32 . . . . . . . . . . . . . . . 162 . . . 79 . 291 843 215 . 134 . 10662 . Cannons 7480 | . . . . . . . . . . . . . . . 65 . 450 261 . 273 1234 . 804 464 645 67 73 179 211 491 310 185 385 1383 . . . Explosions 3706 | . . 590 179 . 1230 . . 10 . 263 . . 27 . . . 51 . . . . . . . . 1334 . . . . . . . 22 . . . Melee 5783 | . . . . . 487 196 . 68 . . 462 . 530 . . . . . . . . 67 233 816 99 77 59 66 . 257 1453 647 78 . . . 188 Ramming 355 | . 6 7 . . 66 . . . . . . . . . . . . . . . . . . . . . . . . . . . . 103 . 136 37 Kinetic 10400 | . 136 . 1264 . 2390 . . 32 . . . . . . 65 . 450 261 . 273 1234 . 804 199 645 67 73 258 211 644 907 257 42 . . . 188 Thermal 1773 | . 302 . . . . . . . . . . . . . . . . . . . . . . . . . . . . . 102 . . 1369 . . . Explosive 3671 | . . 590 179 . 1195 . . 10 . 263 . . 27 . . . 51 . . . . . . . . 1334 . . . . . . . 22 . . . Electromagnetic 1244 | . . . . . 35 . . . . . . . . . . . . . . . . . . 427 . . . . . 138 144 143 343 14 . . . Impact . | . . . . . . . . . . . . . . . . . . . . . . . . . . . . . . . . . . . . . . Slashing 16391 | . . . . . 487 196 . 68 . . 462 . 530 . . . . . . . . 67 233 816 99 77 59 66 . 257 1453 647 78 134 . 10662 . Piercing . | . . . . . . . . . . . . . . . . . . . . . . . . . . . . . . . . . . . . . . Highest Corruption 28 | . . . . . . . . . . . . 8 8 4 4 4 . . . . . . 1 . 1 1 1 2 3 12 28 14 14 10 . 4 4 Average Corruption 6 | . . . . . . . . . . . . 8 4 4 4 4 . . . . . . 1 . 1 1 1 1 2 3 14 8 14 7 . 1 4 Corruption Purged 6 | . . . . . . . . . . . . . 5 . . . . . . . . . 1 . . . . . . . . . . . . . . Corruption Blocked 110 | . . . . . . . . . . . . . . . . . . . . . . . . . . . . . . . . . . 80 . 30 . Effects 188 | . . . . . . . . . . . . 1 20 8 12 . . . . . . . 3 . 1 5 . 3 6 6 48 5 36 29 . 4 1 Message Errors 53 | . . . . . . . . . . . . . 5 1 5 . . . . . . . 1 . . 2 . 2 2 1 15 . 9 9 . 1 . Matter Fused 32 | . . . . . . . . . . . . 1 5 1 1 . . . . . . . 1 . . . . . . . 9 1 8 5 . . . Heat Flow Errors 24 | . . . . . . . . . . . . . 5 . 2 . . . . . . . . . 1 . . 1 1 . 4 2 1 5 . 1 1 Energy Discharges 26 | . . . . . . . . . . . . . 2 . 2 . . . . . . . . . . 2 . . 2 3 9 . 4 1 . 1 . Parts Rejected 1 | . . . . . . . . . . . . . . . . . . . . . . . . . . . . . . . . . 1 . . . . Parts Fused 2 | . . . . . . . . . . . . . . . . . . . . . . . . . . . . . . . . . 1 1 . . . Data Loss (minor) 18 | . . . . . . . . . . . . . 2 3 . . . . . . . . . . . . . . . . 5 . 2 5 . 1 . Data Loss (major) 8 | . . . . . . . . . . . . . . 1 2 . . . . . . . . . . 1 . . . . 3 . 1 . . . . Misfires 6 | . . . . . . . . . . . . . 1 . . . . . . . . . . . . . . . . . 1 1 1 2 . . . Alerts 8 | . . . . . . . . . . . . . . 2 . . . . . . . . 1 . . . . . 1 1 . . 3 . . . . Misdirections 7 | . . . . . . . . . . . . . . . . . . . . . . . . . . . . . . . 2 . 4 1 . . . Weapon Failures 3 | . . . . . . . . . . . . . . . . . . . . . . . . . . . . . . 1 . 1 1 . . . . Overload Shots . | . . . . . . . . . . . . . . . . . . . . . . . . . . . . . . . . . . . . . . Overflow Damage 1214 | . . 19 22 . 76 59 . . . 18 159 . . . 10 . . 18 . 20 22 . 75 108 91 30 . 10 1 134 140 152 . 34 . 16 . Projectiles 395 | . . . . . . . . . . . . . . . 10 . . 18 . 20 22 . 32 17 87 . . 10 1 104 40 . . 34 . . . Explosions 111 | . . 19 22 . 22 . . . . 18 . . . . . . . . . . . . . . . 30 . . . . . . . . . . . Melee 708 | . . . . . 54 59 . . . . 159 . . . . . . . . . . . 43 91 4 . . . . 30 100 152 . . . 16 . Knockbacks 34 | . . . . . 1 . . . . . . . . . . . 3 3 . . 6 . 4 . 4 . . 1 3 6 1 1 1 . . . . Impact 1 | . . . . . 1 . . . . . . . . . . . . . . . . . . . . . . . . . . . . . . . . Kinetic 32 | . . . . . . . . . . . . . . . . . 3 3 . . 6 . 4 . 4 . . 1 3 5 1 1 1 . . . . Secondary 1 | . . . . . . . . . . . . . . . . . . . . . . . . . . . . . . 1 . . . . . . . Self-Inflicted Damage 235 | . . 75 . . 68 . . 30 . 26 . . . . . . . . . . . . . . . . . . . . . . . 36 . . . Shots 8 | . . 2 . . 2 . . 1 . 2 . . . . . . . . . . . . . . . . . . . . . . . 1 . . . Rammed 8 | . 3 2 . . 3 . . . . . . . . . . . . . . . . . . . . . . . . . . . . . . . . Targets Rammed 23 | . 3 2 . . 3 . . . . . . . . . . . . . . . . . . . . . . . . . . . . 4 . 10 1 Kicked 15 | . . . . . . . . . . . . . . . . . . . . . . . . . . . . . . . . . . 4 . 10 1 Crushed . | . . . . . . . . . . . . . . . . . . . . . . . . . . . . . . . . . . . . . . Highest Temperature 432 | . 98 27 32 . 432 . . . . . 77 61 295 11 200 1 10 91 . . 106 6 45 60 141 . . 183 155 72 246 98 316 350 . . . Average Temperature 31 | . 42 14 10 . 57 . . . . . 14 35 33 1 22 1 1 58 . . 46 3 16 29 72 . . 99 62 30 55 38 134 107 . . . Received Heat Transfer 1348 | . 48 15 . . 576 . 12 . . . . . 12 . . . . . . 12 30 . . . . . . 9 . 9 27 72 49 148 12 250 67 Effects 3 | . . . . . 2 . . . . . . . . . . . . . . . . . . . . . . . . . . . 1 . . . . Shutdowns 1 | . . . . . 1 . . . . . . . . . . . . . . . . . . . . . . . . . . . . . . . . Matter Decay 1 | . . . . . . . . . . . . . . . . . . . . . . . . . . . . . . . . . 1 . . . . Short Circuit 1 | . . . . . 1 . . . . . . . . . . . . . . . . . . . . . . . . . . . . . . . . Siege Activations . | . . . . . . . . . . . . . . . . . . . . . . . . . . . . . . . . . . . . . . Robots Corrupted 4 | . . . . . . . . . . . . . . . . . . . . . . . . 2 . . . . . . . . 2 . . . . Combat Hostiles 2 | . . . . . . . . . . . . . . . . . . . . . . . . . . . . . . . . . 2 . . . . Parts Fried 13 | . . . . . . . . . . . . . . . . . . . . . . . . 5 . . . . . 4 . . 4 . . . . Impact Corruptions 3 | . . . . . 1 . . . . . . . . . . . . . . . . . . . . . . . . 1 . . . . . 1 . Robots Melted 2 | . . . . . . . . . . . . . . . . . . . . . . . . . . . . . . . . . . 2 . . . Combat Hostiles 2 | . . . . . . . . . . . . . . . . . . . . . . . . . . . . . . . . . . 2 . . . Parts Melted 5 | . 1 . 1 . . . . . . . . . . . . . . . . . . . . . . . . . . . . . . 2 . 1 . Heat Transferred 1987 | . 1184 . . . . . . . . . . . . . . . . . . . . . . . . . . . . . 50 . . 753 . . . Parts Sabotaged . | . . . . . . . . . . . . . . . . . . . . . . . . . . . . . . . . . . . . . . Parts Stolen . | . . . . . . . . . . . . . . . . . . . . . . . . . . . . . . . . . . . . . . Parts Stripped . | . . . . . . . . . . . . . . . . . . . . . . . . . . . . . . . . . . . . . . Power Chain Reactions . | . . . . . . . . . . . . . . . . . . . . . . . . . . . . . . . . . . . . . . Missiles Intercepted . | . . . . . . . . . . . . . . . . . . . . . . . . . . . . . . . . . . . . . . Alert | -11 -10 -10 -10 -9 -8 -7 -7 -7 -7 -6 -6 -6 -6 -6 -6 -6 -5 -5 -5 -5 -5 -4 -4 -4 -4 -4 -4 -4 -3 -3 -3 -2 -2 -2 -1 -1 -1 ------- Run | Jun Mat Min Exi Min Mat Fac Low Low Dat Pro Fac Was Fac Low Low Zio Pro Fac Upp Upp War Pro Fac Was Fac Upp Upp Zhi Pro Res Tes Res Qua Sec Acc Com Ac0 Peak Influence 1943 | . 192 185 . . 753 424 . . . . 564 123 140 . . . . 813 . . . . 308 63 268 . . . . 358 386 374 316 1824 1621 1943 . Initial 1100 | . . 10 . . . 342 . . . . 450 78 86 . . . . 201 . . . . . 59 . . . . . . 108 175 155 140 1100 1100 . Average 238 | . 49 101 . . 237 378 . . . . 361 101 81 . . . . 543 . . . . 120 14 106 . . . . 78 215 275 211 260 1258 1330 . Maximum Alert Level 5 | . . . . . 3 2 . . . . 2 . . . . . . 3 . . . . 1 . 1 . . . . 1 1 1 1 5 5 5 . Low Security (%) 55 | 100 100 100 . 100 46 . . . . . 29 100 100 . . . . . . . . . 91 100 78 . . . . 86 39 11 40 60 . . . Level 1 30 | . . . . . 39 75 . . . . 11 . . . . . . 26 . . . . 8 . 21 . . . . 13 60 88 59 34 . . . Level 2 6 | . . . . . 7 24 . . . . 58 . . . . . . 50 . . . . . . . . . . . . . . . . . . . Level 3 2 | . . . . . 6 . . . . . . . . . . . . 22 . . . . . . . . . . . . . . . . . 16 . Level 4 2 | . . . . . . . . . . . . . . . . . . . . . . . . . . . . . . . . . . . 78 41 . Level 5 1 | . . . . . . . . . . . . . . . . . . . . . . . . . . . . . . . . . . . . 41 . High Security . | . . . . . . . . . . . . . . . . . . . . . . . . . . . . . . . . . . . . . . Max Security . | . . . . . . . . . . . . . . . . . . . . . . . . . . . . . . . . . . 4 21 . . Squads Dispatched 63 | . 2 . . . 6 3 . . . . 4 . 2 . 1 . . 4 . . . . 4 . 3 . . . . 1 3 6 1 12 7 4 . Investigation 17 | . 1 . . . 2 3 . . . . 1 . . . 1 . . 2 . . . . 1 . 1 . . . . 1 . 1 1 . . 2 . Extermination 13 | . . . . . . . . . . . . . 1 . . . . 1 . . . . 2 . 1 . . . . . 2 2 . 4 . . . Reinforcement 18 | . 1 . . . 3 . . . . . 3 . 1 . . . . 1 . . . . 1 . 1 . . . . . 1 2 . 1 1 2 . Assault 14 | . . . . . 1 . . . . . . . . . . . . . . . . . . . . . . . . . . 1 . 6 6 . . Garrison . | . . . . . . . . . . . . . . . . . . . . . . . . . . . . . . . . . . . . . . Intercept 1 | . . . . . . . . . . . . . . . . . . . . . . . . . . . . . . . . . . 1 . . . Searches Triggered 1 | . . . . . . . . . . . 1 . . . . . . . . . . . . . . . . . . . . . . . . . . Data Miner Redirects 2 | . . . . . . . . . . . . . . . . . . 1 . . . . 1 . . . . . . . . . . . . . . Construction Impeded 2 | . . . . . 1 . . . . . . . . . . . . . . . . . 1 . . . . . . . . . . . . . . Haulers Reinforced 1 | . . . . . . . . . . . . . 1 . . . . . . . . . . . . . . . . . . . . . . . . Active Scanning Responses . | . . . . . . . . . . . . . . . . . . . . . . . . . . . . . . . . . . . . . . Cargo Convoy Interrupts 1 | . . . . . . . . . . . . . . . . . . 1 . . . . . . . . . . . . . . . . . . . Stealth | -11 -10 -10 -10 -9 -8 -7 -7 -7 -7 -6 -6 -6 -6 -6 -6 -6 -5 -5 -5 -5 -5 -4 -4 -4 -4 -4 -4 -4 -3 -3 -3 -2 -2 -2 -1 -1 -1 --------- Run | Jun Mat Min Exi Min Mat Fac Low Low Dat Pro Fac Was Fac Low Low Zio Pro Fac Upp Upp War Pro Fac Was Fac Upp Upp Zhi Pro Res Tes Res Qua Sec Acc Com Ac0 Distress Signals 25 | . . . . . 5 . . . . 1 2 . . . . . . 1 . . . . 1 . . . . . . 4 1 2 1 . 3 4 . Communications Jammed 8 | . . . . . . . . . . . . . . . . . . . . . . . . . . . . . . . . . . 8 . . . Distress Signals 8 | . . . . . . . . . . . . . . . . . . . . . . . . . . . . . . . . . . 8 . . . Times Spotted 538 | . 15 2 23 . 58 4 1 9 . 9 15 2 3 3 5 . 12 9 1 1 32 11 9 7 12 17 18 2 1 12 19 20 13 71 15 87 20 Peak Tracking Total 38 | . 4 2 9 . 5 2 1 4 . 5 8 2 1 3 5 . 5 4 1 2 12 7 4 6 3 7 6 2 1 6 4 7 5 32 22 38 20 Tactical Retreats 67 | . 3 . 10 . 3 1 1 3 . 3 4 . . 1 1 . 4 1 . . 1 2 . 1 1 . 1 . . 3 2 8 4 3 . 6 . Traps | -11 -10 -10 -10 -9 -8 -7 -7 -7 -7 -6 -6 -6 -6 -6 -6 -6 -5 -5 -5 -5 -5 -4 -4 -4 -4 -4 -4 -4 -3 -3 -3 -2 -2 -2 -1 -1 -1 ------- Run | Jun Mat Min Exi Min Mat Fac Low Low Dat Pro Fac Was Fac Low Low Zio Pro Fac Upp Upp War Pro Fac Was Fac Upp Upp Zhi Pro Res Tes Res Qua Sec Acc Com Ac0 Traps Triggered 11 | . 1 . . . 3 . . . . . 1 . 1 . . . . . . . . . 1 . . . . . . . . 1 . . 1 2 . Indirectly . | . . . . . . . . . . . . . . . . . . . . . . . . . . . . . . . . . . . . . . Trap Hack Attempts . | . . . . . . . . . . . . . . . . . . . . . . . . . . . . . . . . . . . . . . Triggered . | . . . . . . . . . . . . . . . . . . . . . . . . . . . . . . . . . . . . . . Disarmed . | . . . . . . . . . . . . . . . . . . . . . . . . . . . . . . . . . . . . . . Reprogrammed . | . . . . . . . . . . . . . . . . . . . . . . . . . . . . . . . . . . . . . . Reused . | . . . . . . . . . . . . . . . . . . . . . . . . . . . . . . . . . . . . . . Traps Extracted . | . . . . . . . . . . . . . . . . . . . . . . . . . . . . . . . . . . . . . . Installed . | . . . . . . . . . . . . . . . . . . . . . . . . . . . . . . . . . . . . . . Triggered 10 | . . . . . . . . 3 . . . . . . . . . 1 . . 6 . . . . . . . . . . . . . . . . Most Traps Carried 4 | . . . . . . . . . . . . . . . . . . . . . . . . . . . . . . 4 4 3 . . . . . Machines | -11 -10 -10 -10 -9 -8 -7 -7 -7 -7 -6 -6 -6 -6 -6 -6 -6 -5 -5 -5 -5 -5 -4 -4 -4 -4 -4 -4 -4 -3 -3 -3 -2 -2 -2 -1 -1 -1 ---------- Run | Jun Mat Min Exi Min Mat Fac Low Low Dat Pro Fac Was Fac Low Low Zio Pro Fac Upp Upp War Pro Fac Was Fac Upp Upp Zhi Pro Res Tes Res Qua Sec Acc Com Ac0 Machines Disabled 58 | . . . 13 . 4 . . 1 . . . . 1 . 1 . . 1 . . 2 . 6 . . . . 1 . . 9 1 5 9 . 4 . Max in Single Turn 2 | . . . 2 . 2 . . 1 . . . . 1 . 1 . . 1 . . . . . . . . . . . . 1 1 1 2 . 1 . Garrison Access 6 | . . . . . 1 . . . . . 1 . . . . . . 1 . . . . . . 1 . . . . 1 . 1 . . . . . Machines Repaired . | . . . . . . . . . . . . . . . . . . . . . . . . . . . . . . . . . . . . . . Machines Sabotaged . | . . . . . . . . . . . . . . . . . . . . . . . . . . . . . . . . . . . . . . Overloaded Fab Kills . | . . . . . . . . . . . . . . . . . . . . . . . . . . . . . . . . . . . . . . Hacking | -11 -10 -10 -10 -9 -8 -7 -7 -7 -7 -6 -6 -6 -6 -6 -6 -6 -5 -5 -5 -5 -5 -4 -4 -4 -4 -4 -4 -4 -3 -3 -3 -2 -2 -2 -1 -1 -1 --------- Run | Jun Mat Min Exi Min Mat Fac Low Low Dat Pro Fac Was Fac Low Low Zio Pro Fac Upp Upp War Pro Fac Was Fac Upp Upp Zhi Pro Res Tes Res Qua Sec Acc Com Ac0 Machines Accessed 83 | . 2 1 1 . 9 7 . 2 3 . 10 . 8 . 2 . . 5 . . 5 . 4 . 3 1 1 4 . 4 1 3 1 3 . 2 1 Terminals 30 | . 2 . . . 7 3 . 1 . . 7 . 4 . 1 . . . . . . . . . . . . . . . . . . 3 . 2 . Fabricators 10 | . . . . . . 3 . . . . 1 . 1 . . . . 2 . . . . 1 . 1 . . . . . . 1 . . . . . Repair Stations 1 | . . . . . . . . . . . . . . . . . . . . . . . 1 . . . . . . . . . . . . . . Recycling Units 9 | . . . . . . 1 . . . . 1 . 2 . . . . 1 . . . . 2 . 1 . . . . 1 . . . . . . . Scanalyzers 6 | . . . . . 1 . . . . . . . . . . . . 1 . . . . . . . . . . . 2 1 . 1 . . . . Garrison Access 8 | . . . . . 1 . . . . . 1 . 1 . . . . 1 . . . . . . 1 . . . . 1 . 2 . . . . . Total Hacks 228 | . 4 1 1 . 29 18 . 4 26 . 21 . 27 . 5 . . 16 . . 11 . 11 . 9 1 1 16 . 5 3 5 3 3 . 4 4 Successful 146 | . 1 1 1 . 13 10 . 4 26 . 9 . 15 . 5 . . 5 . . 11 . 6 . 6 1 1 16 . 2 3 . 1 3 . 2 4 Failed 82 | . 3 . . . 16 8 . . . . 12 . 12 . . . . 11 . . . . 5 . 3 . . . . 3 . 5 2 . . 2 . Catastrophic 14 | . . . . . 4 1 . . . . 1 . 1 . . . . 2 . . . . 1 . 1 . . . . 1 . 1 . . . 1 . Database Lockouts . | . . . . . . . . . . . . . . . . . . . . . . . . . . . . . . . . . . . . . . Manual 243 | . 4 . . . 11 11 . . . . 13 . 12 . . . . 32 . . 1 . 23 . 30 . . . . 15 22 24 26 8 6 5 . Terminals 68 | . 4 . . . 19 8 . 3 . . 15 . 8 . 4 . . . . . . . . . . . . . . . . . . 3 . 4 . Fabricators 33 | . . . . . . 7 . . . . 1 . 9 . . . . 7 . . . . 3 . 5 . . . . . . 1 . . . . . Repair Stations 2 | . . . . . . . . . . . . . . . . . . . . . . . 2 . . . . . . . . . . . . . . Recycling Units 27 | . . . . . . 3 . . . . 3 . 8 . . . . 4 . . . . 6 . 2 . . . . 1 . . . . . . . Scanalyzers 22 | . . . . . 9 . . . . . . . . . . . . 4 . . . . . . . . . . . 3 3 . 3 . . . . Garrison Access 13 | . . . . . 1 . . . . . 2 . 2 . . . . 1 . . . . . . 2 . . . . 1 . 4 . . . . . Terminal Hacks 84 | . . 1 1 . 6 1 . 4 26 . 2 . . . 5 . . . . . 11 . . . . 1 1 16 . . . . . 3 . 2 4 Record 25 | . . . 1 . . . . 3 6 . . . . . 4 . . . . . 5 . . . . 1 . 5 . . . . . . . . . Part Schematic 14 | . . . . . . . . . 11 . . . . . . . . . . . . . . . . . . 3 . . . . . . . . . Robot Schematic 6 | . . . . . . . . . 6 . . . . . . . . . . . . . . . . . . . . . . . . . . . . Robot Analysis 5 | . . . . . 1 . . . . . . . . . . . . . . . . . . . . . . 4 . . . . . . . . . Prototype ID Bank 12 | . . . . . . . . . 3 . . . . . . . . . . . 5 . . . . . . 4 . . . . . . . . . Open Door 9 | . . 1 . . . . . 1 . . . . . . 1 . . . . . 1 . . . . . 1 . . . . . . 3 . 1 . Branch Access Points 2 | . . . . . . 1 . . . . 1 . . . . . . . . . . . . . . . . . . . . . . . . . . Terminal Index 1 | . . . . . 1 . . . . . . . . . . . . . . . . . . . . . . . . . . . . . . . . Unreport Threat 3 | . . . . . 2 . . . . . 1 . . . . . . . . . . . . . . . . . . . . . . . . . . Locate Traps 1 | . . . . . 1 . . . . . . . . . . . . . . . . . . . . . . . . . . . . . . . . Zone Layout 1 | . . . . . 1 . . . . . . . . . . . . . . . . . . . . . . . . . . . . . . . . Disengage Seal 1 | . . . . . . . . . . . . . . . . . . . . . . . . . . . . . . . . . . . . 1 . Gate Test 138-A 1 | . . . . . . . . . . . . . . . . . . . . . . . . . . . . . . . . . . . . . 1 Gate Test 138-B 1 | . . . . . . . . . . . . . . . . . . . . . . . . . . . . . . . . . . . . . 1 Gate Test 138-C 2 | . . . . . . . . . . . . . . . . . . . . . . . . . . . . . . . . . . . . . 2 Fabricator Hacks 17 | . . . . . . 3 . . . . . . 8 . . . . 1 . . . . 1 . 4 . . . . . . . . . . . . Network Status 1 | . . . . . . 1 . . . . . . . . . . . . . . . . . . . . . . . . . . . . . . . Load Schematic 10 | . . . . . . 2 . . . . . . 4 . . . . 1 . . . . 1 . 2 . . . . . . . . . . . . Build 6 | . . . . . . . . . . . . . 4 . . . . . . . . . . . 2 . . . . . . . . . . . . Repair Station Hacks 1 | . . . . . . . . . . . . . . . . . . . . . . . 1 . . . . . . . . . . . . . . Scan Component 1 | . . . . . . . . . . . . . . . . . . . . . . . 1 . . . . . . . . . . . . . . Recycling Unit Hacks 2 | . . . . . . . . . . . . . 1 . . . . . . . . . 1 . . . . . . . . . . . . . . Retrieve Components 2 | . . . . . . . . . . . . . 1 . . . . . . . . . 1 . . . . . . . . . . . . . . Scanalyzer 10 | . . . . . 5 . . . . . . . . . . . . 2 . . . . . . . . . . . 1 2 . . . . . . Insert Component 7 | . . . . . 2 . . . . . . . . . . . . 2 . . . . . . . . . . . 1 2 . . . . . . Analyze 3 | . . . . . 3 . . . . . . . . . . . . . . . . . . . . . . . . . . . . . . . . Garrison Access Hacks 5 | . . . . . 1 . . . . . 1 . . . . . . 1 . . . . . . 1 . . . . 1 . . . . . . . Seal Access 5 | . . . . . 1 . . . . . 1 . . . . . . 1 . . . . . . 1 . . . . 1 . . . . . . . Unauthorized Hacks 27 | . 1 . . . 1 6 . . . . 6 . 6 . . . . 1 . . . . 3 . 1 . . . . . 1 . 1 . . . . Terminals 6 | . 1 . . . 1 1 . . . . 2 . 1 . . . . . . . . . . . . . . . . . . . . . . . . Assimilate 4 | . 1 . . . . 1 . . . . 1 . 1 . . . . . . . . . . . . . . . . . . . . . . . . Operators 2 | . . . . . 1 . . . . . 1 . . . . . . . . . . . . . . . . . . . . . . . . . . Fabricators 7 | . . . . . . 3 . . . . 1 . 1 . . . . . . . . . 1 . 1 . . . . . . . . . . . . Prioritize 2 | . . . . . . . . . . . . . 1 . . . . . . . . . . . 1 . . . . . . . . . . . . Recompile 5 | . . . . . . 3 . . . . 1 . . . . . . . . . . . 1 . . . . . . . . . . . . . . Repair Stations . | . . . . . . . . . . . . . . . . . . . . . . . . . . . . . . . . . . . . . . Recycling Units 12 | . . . . . . 2 . . . . 3 . 4 . . . . 1 . . . . 2 . . . . . . . . . . . . . . Reject 5 | . . . . . . 1 . . . . 1 . 1 . . . . 1 . . . . 1 . . . . . . . . . . . . . . Recyclers 3 | . . . . . . 1 . . . . 1 . 1 . . . . . . . . . . . . . . . . . . . . . . . . Mask 4 | . . . . . . . . . . . 1 . 2 . . . . . . . . . 1 . . . . . . . . . . . . . . Scanalyzers 2 | . . . . . . . . . . . . . . . . . . . . . . . . . . . . . . . 1 . 1 . . . . Researchers 2 | . . . . . . . . . . . . . . . . . . . . . . . . . . . . . . . 1 . 1 . . . . Garrison Access . | . . . . . . . . . . . . . . . . . . . . . . . . . . . . . . . . . . . . . . Data Cores Recovered 1 | . . . . . . 1 . . . . . . . . . . . . . . . . . . . . . . . . . . . . . . . Used . | . . . . . . . . . . . . . . . . . . . . . . . . . . . . . . . . . . . . . . Hacking Detections 48 | . 2 . . . 8 5 . . . . 7 . 6 . 1 . . 4 . . . . 4 . 2 . . . . 3 . 3 1 1 . 1 . Full Trace Events 5 | . . . . . . . . . . . . . . . 1 . . 2 . . . . . . 1 . . . . 1 . . . . . . . Feedback Events 1 | . . . . . . . . . . . . . . . . . . . . . . . . . . . . . . 1 . . . . . . . Corruption 1 | . . . . . . . . . . . . . . . . . . . . . . . . . . . . . . 1 . . . . . . . Feedback Blocked . | . . . . . . . . . . . . . . . . . . . . . . . . . . . . . . . . . . . . . . Robot Schematics Acquired 20 | . . . . . . . . . 6 . . . . . . . . 3 . . . . . . . . . . . . 6 . 5 . . . . Robots Built . | . . . . . . . . . . . . . . . . . . . . . . . . . . . . . . . . . . . . . . Authchips . | . . . . . . . . . . . . . . . . . . . . . . . . . . . . . . . . . . . . . . Time . | . . . . . . . . . . . . . . . . . . . . . . . . . . . . . . . . . . . . . . Total Robot Build Rating . | . . . . . . . . . . . . . . . . . . . . . . . . . . . . . . . . . . . . . . Part Schematics Acquired 90 | . . . . . 2 . . . 11 . . . . . . . . 11 . . . . . . 8 . . 3 . 8 27 11 9 . . . . Parts Built 9 | . . . . . . . . . . . . . 6 . . . . . . . . . . . 3 . . . . . . . . . . . . Authchips 5 | . . . . . . . . . . . . . 4 . . . . . . . . . . . 1 . . . . . . . . . . . . Time 444 | . . . . . . . . . . . . . 296 . . . . . . . . . . . 148 . . . . . . . . . . . . Total Part Build Rating 66 | . . . . . . . . . . . . . 44 . . . . . . . . . . . 22 . . . . . . . . . . . . Parts Repaired . | . . . . . . . . . . . . . . . . . . . . . . . . . . . . . . . . . . . . . . Time . | . . . . . . . . . . . . . . . . . . . . . . . . . . . . . . . . . . . . . . Parts Recycled . | . . . . . . . . . . . . . . . . . . . . . . . . . . . . . . . . . . . . . . Recycled Matter . | . . . . . . . . . . . . . . . . . . . . . . . . . . . . . . . . . . . . . . Retrieved Matter . | . . . . . . . . . . . . . . . . . . . . . . . . . . . . . . . . . . . . . . Retrieved Components 13 | . . . . . . . . . . . . . 3 . . . . . . . . . 10 . . . . . . . . . . . . . . Parts Scanalyzed 3 | . . . . . 2 . . . . . . . . . . . . 1 . . . . . . . . . . . . . . . . . . . Part Schematics Acquired 2 | . . . . . 2 . . . . . . . . . . . . . . . . . . . . . . . . . . . . . . . . Parts Damaged . | . . . . . . . . . . . . . . . . . . . . . . . . . . . . . . . . . . . . . . Bothacking | -11 -10 -10 -10 -9 -8 -7 -7 -7 -7 -6 -6 -6 -6 -6 -6 -6 -5 -5 -5 -5 -5 -4 -4 -4 -4 -4 -4 -4 -3 -3 -3 -2 -2 -2 -1 -1 -1 ------------ Run | Jun Mat Min Exi Min Mat Fac Low Low Dat Pro Fac Was Fac Low Low Zio Pro Fac Upp Upp War Pro Fac Was Fac Upp Upp Zhi Pro Res Tes Res Qua Sec Acc Com Ac0 Used RIF Installer . | . . . . . . . . . . . . . . . . . . . . . . . . . . . . . . . . . . . . . . Robots Hacked 2 | . . . . . . . . . . . . . . . . . . . . . . . 1 . . . . . . . 1 . . . . . . Non-combat 1 | . . . . . . . . . . . . . . . . . . . . . . . 1 . . . . . . . . . . . . . . Combat 1 | . . . . . . . . . . . . . . . . . . . . . . . . . . . . . . . 1 . . . . . . Robot Hacks Applied 3 | . . . . . . . . . . . . . . . . . . . . . . . 1 . . . . . . . 2 . . . . . . find_chute 1 | . . . . . . . . . . . . . . . . . . . . . . . 1 . . . . . . . . . . . . . . find_scanalyzer 2 | . . . . . . . . . . . . . . . . . . . . . . . . . . . . . . . 2 . . . . . . Relay Couplers Released 2 | . . . . . . . . . . . . . . . . . . . . . . . . . . . . . . . . 2 . . . . . Machine Destruction 2 | . . . . . . . . . . . . . . . . . . . . . . . . . . . . . . . . 2 . . . . . Fabnet Peak Effective % . | . . . . . . . . . . . . . . . . . . . . . . . . . . . . . . . . . . . . . . Robots Rewired 9 | . . . . . . . . . . . . . . . . . . . . . 5 2 . . . 2 . . . . . . . . . . . Allies Hacked 10 | . . . . . . . . . . . . . . . . . . 1 . . . . 3 . 1 . . . . 1 . 2 . . . 2 . Hacks Repelled . | . . . . . . . . . . . . . . . . . . . . . . . . . . . . . . . . . . . . . . Allies | -11 -10 -10 -10 -9 -8 -7 -7 -7 -7 -6 -6 -6 -6 -6 -6 -6 -5 -5 -5 -5 -5 -4 -4 -4 -4 -4 -4 -4 -3 -3 -3 -2 -2 -2 -1 -1 -1 -------- Run | Jun Mat Min Exi Min Mat Fac Low Low Dat Pro Fac Was Fac Low Low Zio Pro Fac Upp Upp War Pro Fac Was Fac Upp Upp Zhi Pro Res Tes Res Qua Sec Acc Com Ac0 Total Allies 127 | . . . . . . 1 . . . 1 1 . 1 . . 4 . 5 . . 5 2 9 18 11 2 . . . 2 . 4 . . 15 46 . Largest Group 18 | . . . . . . 1 1 . . 1 1 . 1 . . 4 4 4 3 3 6 2 5 18 9 3 3 1 . 1 . 3 . . 7 16 . Highest-Rated Group 1470 | . . . . . . 26 26 . . 96 26 . 26 . . 156 156 240 210 210 288 77 288 656 630 141 141 45 . 28 . 345 . . 99 1470 . Highest-Rated Ally 192 | . . . . . . 26 26 . . 96 26 . 26 . . 41 41 106 70 70 70 47 96 50 96 49 49 45 . 28 . 115 . . 15 192 . Zionite Dispatches 16 | . . . . . . . . . . . . . . . . . . 3 . . . . 4 . 5 . . . . 2 . 2 . . . . . Light 4 | . . . . . . . . . . . . . . . . . . 1 . . . . 1 . 1 . . . . . . 1 . . . . . Fire 1 | . . . . . . . . . . . . . . . . . . . . . . . 1 . . . . . . . . . . . . . . Hacker 1 | . . . . . . . . . . . . . . . . . . . . . . . . . 1 . . . . . . . . . . . . Demo 1 | . . . . . . . . . . . . . . . . . . . . . . . . . 1 . . . . . . . . . . . . Hero 1 | . . . . . . . . . . . . . . . . . . 1 . . . . . . . . . . . . . . . . . . . Trap Resupply 2 | . . . . . . . . . . . . . . . . . . . . . . . 1 . . . . . . 1 . . . . . . . Defense Resupply 3 | . . . . . . . . . . . . . . . . . . 1 . . . . 1 . 1 . . . . . . . . . . . . Infowar Resupply 1 | . . . . . . . . . . . . . . . . . . . . . . . . . . . . . . . . 1 . . . . . Hover Resupply 2 | . . . . . . . . . . . . . . . . . . . . . . . . . 1 . . . . 1 . . . . . . . Total Orders 219 | . . . 5 . . . . . . . . . 2 16 22 . 11 27 4 4 3 14 6 . 36 18 23 5 2 12 5 1 1 . . 2 . STAY 10 | . . . 1 . . . . . . . . . . . 1 . . 1 . . 2 2 1 . . . . 1 . . . . . . . 1 . ROAM 1 | . . . . . . . . . . . . . . . . . . 1 . . . . . . . . . . . . . . . . . . . FOLLOW 20 | . . . . . . . . . . . . . . . 1 . . 5 . . 1 . . . 8 . 2 . . 1 1 . . . . 1 . DROP 8 | . . . . . . . . . . . . . . . . . . 1 . . . . 2 . 2 . . . . 2 . 1 . . . . . EXPLORE 53 | . . . . . . . . . . . . . . 7 3 . 3 8 1 1 . 4 . . 12 4 5 . 1 2 1 . 1 . . . . RETURN 127 | . . . 4 . . . . . . . . . 2 9 17 . 8 11 3 3 . 8 3 . 14 14 16 4 1 7 3 . . . . . . Ally Attacks 1217 | . . . 56 . . . . . . 6 . . 3 40 70 . 58 100 8 41 34 64 20 89 60 72 148 27 . 15 13 11 . . 60 222 . Total Damage 34057 | . . . 313 . . . . . . 135 . . 71 716 1040 . 1219 2425 190 620 1271 1026 1209 3396 2053 1421 2919 398 . 163 246 524 . . 939 11763 . Kills 183 | . . . 3 . . . . . . 2 . . 1 6 7 . 9 26 3 8 7 7 7 9 9 16 22 . . . 4 1 . . 7 29 . Allies Corrupted 16 | . . . . . . . . . . . . . . . . . . . . . . . 2 2 2 . . 1 . . . 1 . . . 8 . Allies Melted 1 | . . . . . . . . . . . . . . . . . . . . . 1 . . . . . . . . . . . . . . . . Intel | -11 -10 -10 -10 -9 -8 -7 -7 -7 -7 -6 -6 -6 -6 -6 -6 -6 -5 -5 -5 -5 -5 -4 -4 -4 -4 -4 -4 -4 -3 -3 -3 -2 -2 -2 -1 -1 -1 ------- Run | Jun Mat Min Exi Min Mat Fac Low Low Dat Pro Fac Was Fac Low Low Zio Pro Fac Upp Upp War Pro Fac Was Fac Upp Upp Zhi Pro Res Tes Res Qua Sec Acc Com Ac0 Robot Analysis Total 5 | . . . . . 1 . . . . . . . . . . . . . . . . . . . . . . 4 . . . . . . . . . Derelict Logs Recovered 20 | . . 1 . . . . 3 2 . 1 . . . 1 1 2 1 . 3 1 . 2 . . . 1 1 . . . . . . . . . . Drone Launches 203 | . . . 17 . . . . . . . . . 4 22 19 . 15 15 2 4 2 15 3 . 13 26 20 10 . 11 3 . 2 . . . . Drone Recoveries 195 | . . . 16 . . . . . . . . . 4 18 23 . 15 13 2 6 . 17 3 . 13 22 23 7 2 8 3 . . . . . . Decoded 0b10 Intel 3 | . . . . . . . . . . . . . . . . . . 3 . . . . . . . . . . . . . . . . . . . Guards 3 | . . . . . . . . . . . . . . . . . . 3 . . . . . . . . . . . . . . . . . . . Zionite Intel Received 32 | . . . . . . . . . . . . . . . . . . 4 . . . . 1 . 3 . . . . 2 6 5 7 2 1 1 . Branch Access 3 | . . . . . . . . . . . . . . . . . . . . . . . 1 . . . . . . 1 . . . . 1 . . Emergency Access 3 | . . . . . . . . . . . . . . . . . . . . . . . . . 1 . . . . . . 1 1 . . . . Guard Positions 1 | . . . . . . . . . . . . . . . . . . . . . . . . . . . . . . . . 1 . . . . . Component Stockpiles 2 | . . . . . . . . . . . . . . . . . . 1 . . . . . . 1 . . . . . . . . . . . . Prototype Stockpiles 2 | . . . . . . . . . . . . . . . . . . . . . . . . . . . . . . . 1 . 1 . . . . Component Schematics 1 | . . . . . . . . . . . . . . . . . . . . . . . . . . . . . . . 1 . . . . . . Prototype Schematics 6 | . . . . . . . . . . . . . . . . . . 1 . . . . . . 1 . . . . 1 1 1 1 . . . . Unaware Schematics 3 | . . . . . . . . . . . . . . . . . . 1 . . . . . . . . . . . . 1 . 1 . . . . Unaware Analyses 2 | . . . . . . . . . . . . . . . . . . . . . . . . . . . . . . . 1 . 1 . . . . Active Terminals 2 | . . . . . . . . . . . . . . . . . . . . . . . . . . . . . . . . . . 1 . 1 . Active Garrisons 3 | . . . . . . . . . . . . . . . . . . . . . . . . . . . . . . . 1 1 . 1 . . . Depthwide Sectors/0 1 | . . . . . . . . . . . . . . . . . . . . . . . . . . . . . . . . . 1 . . . . Depthwide Sectors/-1 3 | . . . . . . . . . . . . . . . . . . 1 . . . . . . . . . . . . . 1 1 . . . . Exploration | -11 -10 -10 -10 -9 -8 -7 -7 -7 -7 -6 -6 -6 -6 -6 -6 -6 -5 -5 -5 -5 -5 -4 -4 -4 -4 -4 -4 -4 -3 -3 -3 -2 -2 -2 -1 -1 -1 ------------- Run | Jun Mat Min Exi Min Mat Fac Low Low Dat Pro Fac Was Fac Low Low Zio Pro Fac Upp Upp War Pro Fac Was Fac Upp Upp Zhi Pro Res Tes Res Qua Sec Acc Com Ac0 Turns Passed 23992 | 73 557 522 2299 51 2199 284 234 495 21 411 597 20 859 303 485 919 440 770 217 282 922 449 757 1166 858 585 442 522 408 804 1194 1202 776 1102 145 538 84 Spaces Moved 24815 | 41 254 307 1052 43 903 604 628 1132 80 808 1554 84 1190 300 441 1119 483 574 303 291 875 306 886 899 765 528 331 618 424 699 1078 1583 1003 1379 309 705 236 Core 222 | 3 . . . . . . . . . . . . . . . . . . . . . . . . . . . . . . . . . 219 . . . Treads 2380 | 38 254 307 867 . 903 11 . . . . . . . . . . . . . . . . . . . . . . . . . . . . . . . Legs 1739 | . . . 59 43 . . . . . . . . . . . . . . . . . . . . . . . . . . . . . 387 309 705 236 Wheels 126 | . . . 126 . . . . . . . . . . . . . . . . . . . . . . . . . . . . . . . . . . Hover 14476 | . . . . . . . . . . . . . 197 300 441 1119 483 574 303 291 875 306 886 899 765 528 331 618 424 699 1078 1583 1003 773 . . . Flight 5872 | . . . . . . 593 628 1132 80 808 1554 84 993 . . . . . . . . . . . . . . . . . . . . . . . . Fastest Speed 14 | 50 160 160 120 120 160 26 26 26 26 26 20 14 24 71 71 67 62 62 62 62 59 59 59 59 59 65 65 65 65 62 62 54 51 30 30 30 30 Average Speed 62 | 151 160 160 178 120 165 28 26 26 26 26 24 23 32 71 71 70 67 63 62 62 60 59 59 59 62 65 65 65 65 62 68 54 53 49 30 30 30 Slowest Speed 240 | 160 160 160 240 120 167 167 106 106 26 26 27 24 150 71 71 71 71 71 62 62 68 59 125 59 65 65 65 65 65 62 132 121 125 200 30 30 30 Overloaded Moves 35 | . . . . . . . . . . . 31 4 . . . . . . . . . . . . . . . . . . . . . . . . . Propulsion Burnouts . | . . . . . . . . . . . . . . . . . . . . . . . . . . . . . . . . . . . . . . Robots Hopped 7 | . . . . . . . . . . . 3 2 1 . . . . 1 . . . . . . . . . . . . . . . . . . . Cave-ins Triggered . | . . . . . . . . . . . . . . . . . . . . . . . . . . . . . . . . . . . . . . Teleports 3 | . . . . . . . . . . . . . . . . . . . . . . . . . . . . . . . . . . 2 . 1 . Exploration Rate (%) 58 | 4 43 59 75 14 71 18 72 86 69 85 28 70 17 73 84 89 93 18 80 94 86 73 14 91 17 98 97 72 65 24 78 46 84 65 12 39 25 Regions Visited 37 Branch Regions 24 Pre-discovered Areas 19 | . . . 1 . . . . . 1 . . . . . 1 . . 5 1 . . . . . . . 1 3 . . . 2 4 . . . . Known Exits Taken 25 | . . . . . . 1 1 1 1 1 . . 1 1 1 1 1 1 1 1 1 1 . . 1 1 1 1 1 1 1 1 . 1 1 . . Unknown Exits Taken 8 | 1 1 1 1 1 1 . . . . . . . . . . . . . . . . . . . . . . . . . . . 1 . . 1 . Scrap Searched 39 | . . 1 . . . . 9 1 . 3 . . . 1 4 3 2 . 3 1 . 1 . . . 4 5 . 1 . . . . . . . . Spaces Dug 391 | . . 15 . . 1 12 20 14 . 42 26 . 13 3 1 . 3 7 . 1 22 5 5 7 11 . 2 1 7 31 22 34 14 27 22 23 . Terrain Destroyed 884 | . . 79 32 . 128 12 20 19 . 63 26 . 26 3 3 . 20 13 . 3 25 5 9 13 21 73 3 5 13 36 31 53 16 31 28 75 . Melee 234 | . . . . . 1 12 20 14 . 22 26 . 12 . . . 3 2 . . 22 4 2 . 3 . 2 . 5 29 21 30 2 2 . . . Projectile 266 | . . . 14 . 1 . . . . 6 . . 1 3 3 . 7 11 . 3 3 1 7 13 18 . 1 5 8 7 8 22 14 7 28 75 . AOE 372 | . . 79 13 . 126 . . 3 . 33 . . 13 . . . 10 . . . . . . . . 73 . . . . . . . 22 . . . Terrain Rammed . | . . . . . . . . . . . . . . . . . . . . . . . . . . . . . . . . . . . . . . Walls Destroyed . | . . . . . . . . . . . . . . . . . . . . . . . . . . . . . . . . . . . . . . Machines Disabled . | . . . . . . . . . . . . . . . . . . . . . . . . . . . . . . . . . . . . . . Actions | -11 -10 -10 -10 -9 -8 -7 -7 -7 -7 -6 -6 -6 -6 -6 -6 -6 -5 -5 -5 -5 -5 -4 -4 -4 -4 -4 -4 -4 -3 -3 -3 -2 -2 -2 -1 -1 -1 --------- Run | Jun Mat Min Exi Min Mat Fac Low Low Dat Pro Fac Was Fac Low Low Zio Pro Fac Upp Upp War Pro Fac Was Fac Upp Upp Zhi Pro Res Tes Res Qua Sec Acc Com Ac0 Total 31745 | 49 348 327 1332 42 1393 689 665 1286 79 951 1718 81 1626 389 608 1247 572 950 331 383 1182 569 1086 1484 1104 754 550 728 534 982 1392 1825 1214 1761 349 923 242 Wait 4670 | . 42 1 77 . 271 35 13 113 . 92 104 . 334 70 154 107 51 336 25 83 160 239 132 516 277 190 207 45 91 183 115 105 135 272 22 73 . Move 24768 | 40 253 306 1051 42 902 603 627 1131 79 807 1548 80 1187 299 440 1118 482 571 302 290 874 305 886 898 764 527 330 617 423 698 1077 1582 1002 1379 308 704 236 Hop 6 | . . . . . . . . . . . 3 1 1 . . . . 1 . . . . . . . . . . . . . . . . . . . Pick Up 197 | 3 11 4 21 . 18 4 1 . . 1 3 . 20 5 3 3 3 3 . 1 4 4 13 5 6 5 2 11 . 9 10 8 5 6 . 5 . Fast Attach 137 | 6 1 1 7 . 8 1 . . . . 3 . 9 1 . 6 . . 2 1 5 . 3 2 2 . . 7 2 3 14 7 7 17 2 20 . Attach 88 | . 1 . 2 . 5 3 1 . . . 1 . 9 1 . . . 2 . 1 . . 3 2 4 1 . 4 . 4 4 12 3 18 1 4 2 Detach 69 | . 1 . 5 . 2 1 . . . . . . 8 1 . 2 . . 1 . . . 3 1 . . . 3 . 3 4 7 5 10 1 11 . Swap 262 | . 5 3 16 . 23 12 2 12 . 8 14 . 9 . . 4 6 17 . . 7 1 10 8 11 4 1 9 2 19 31 16 10 1 . 1 . Drop 268 | . 1 5 28 . 22 13 . . . 1 7 . 20 5 3 7 3 3 1 2 10 4 13 7 10 5 2 17 2 9 22 13 12 4 1 16 . Fire 786 | . 30 5 125 . 127 . . 12 . 20 . . 1 3 6 . 21 15 . 5 31 1 17 35 24 9 3 8 9 19 55 37 32 44 14 78 . Melee 366 | . . . . . 12 17 21 18 . 22 35 . 28 . . . 3 2 . . 26 5 6 10 5 2 3 1 5 35 60 38 3 5 . 1 3 Ram . | . . . . . . . . . . . . . . . . . . . . . . . . . . . . . . . . . . . . . . Kick 14 | . . . . . . . . . . . . . . . . . . . . . . . . . . . . . . . . . . 3 . 10 1 Crush 8 | . 3 2 . . 3 . . . . . . . . . . . . . . . . . . . . . . . . . . . . . . . . Escape Stasis 6 | . . . . . . . . . . . . . . . . . . . . . . . . . . . . 4 . . . . . 2 . . . Rewire 78 | . . . . . . . . . . . . . . . . . . . . . 65 6 . . . 7 . . . . . . . . . . . Trap . | . . . . . . . . . . . . . . . . . . . . . . . . . . . . . . . . . . . . . . Miscellaneous 22 | . . . . . . . . . . . . . . 4 2 . 3 . . . . 4 . . 1 4 2 2 . . . . . . . . . Route ------- -11/Junkyard -10/Materials -10/Mines (discovered 2 exits: *Exi / [*Sub]) -10/Exiles -9/Mines -8/Materials (discovered 2 exits: *Fac x2) -7/Factory (discovered 2 exits: *Low x2) -7/Lower Caves -7/Lower Caves (discovered 2 exits: Fac / *Dat) -7/Data Miner -6/Proximity Caves -6/Factory (discovered 4 exits: *Low x2 / *Ext x2) -6/Waste -6/Factory (discovered 2 exits: *Low x2) -6/Lower Caves -6/Lower Caves -6/Zion -5/Proximity Caves -5/Factory (discovered 5 exits: Fac x4 / *Upp) -5/Upper Caves -5/Upper Caves -5/Warlord -4/Proximity Caves -4/Factory (discovered 5 exits: Res x2 / *Upp x2 / Arm) -4/Waste -4/Factory (discovered 3 exits: *Upp x2 / Arm) -4/Upper Caves -4/Upper Caves (discovered 2 exits: *Res / *Zhi) -4/Zhirov -3/Proximity Caves -3/Research (discovered 3 exits: Res / *Tes x2) -3/Testing -2/Research (discovered 3 exits: *Acc x2 / *Qua) -2/Quarantine (discovered 2 exits: *Acc / *Sec) -2/Section 7 -1/Access -1/Command (discovered 2 exits: [Sur] / *Ac0) -1/Access_0 Subspace History --------- Turn | Location | Event 36 | -11/Junkyard | Discovered new exit (range 16) 74 | -11/Junkyard | Entered Materials 306 | -10/Materials | Build established: Mutant 506 | -10/Materials | Discovered new exit (range 10) 631 | -10/Materials | Entered Mines 744 | -10/Mines | Received a Rocket Launcher from a helpful Derelict 954 | -10/Mines | Found the Drone Emporium 962 | -10/Mines | Found Prototype Device 962 | -10/Mines | Identified Thief Drone Bay 992 | -10/Mines | Discovered new exit (range 8) 1064 | -10/Mines | Deemed a non-threat by the Exiles lab entrance 1065 | -10/Mines | Discovered new exit (range 5) 1153 | -10/Mines | Entered Exiles 1193 | -10/Exiles | Met 8R-AWN 1219 | -10/Exiles | Met EX-HEX 1301 | -10/Exiles | Met EX-DEC 1329 | -10/Exiles | Learned location of Zion (-6) 1385 | -10/Exiles | Discovered new exit (range 12) 2061 | -10/Exiles | Attacked by the Exiles 2188 | -10/Exiles | Found Prototype Ballistic Gun 2188 | -10/Exiles | Identified 8R-AWN's Boregun 2217 | -10/Exiles | Found 8R-AWN's Boregun 2322 | -10/Exiles | Destroyed 8R-AWN 2357 | -10/Exiles | Found Prototype Processor 2768 | -10/Exiles | Allies destroyed EX-BIN 2794 | -10/Exiles | Allies destroyed EX-DEC 2828 | -10/Exiles | Allies destroyed EX-HEX 3139 | -10/Exiles | Found Prototype Processor 3349 | -10/Exiles | Found Prototype Device 3349 | -10/Exiles | Identified AS-neutralizer No. 17b 3452 | -10/Exiles | Entered Mines 3487 | -9/Mines | Discovered new exit (range 10) 3503 | -9/Mines | Entered Materials 3503 | -8/Materials | Evolved 4 slots: Propulsion x2, Utility x2 3818 | -8/Materials | Build established: Scavenger-Mutant 4050 | -8/Materials | Identified Exp. Core Analyzer 4275 | -8/Materials | Build established: Mutant 4359 | -8/Materials | Discovered new exit (range 14) 5026 | -8/Materials | Identified Exp. Targeting Computer 5287 | -8/Materials | Discovered new exit (range 8) 5503 | -8/Materials | First assault squad dispatched 5702 | -8/Materials | Entered Factory 5702 | -7/Factory | Evolved 2 slots: Utility x2 5809 | -7/Factory | Identified exit to Lower Caves 5986 | -7/Factory | Entered Lower Caves 5986 | -7/Lower Caves | Accompanied by 1 ally 5998 | -7/Lower Caves | Attracted the attention of an 0b10 checkpoint 6012 | -7/Lower Caves | Learned Factory emergency access door positions 6027 | -7/Lower Caves | Learned Factory stockpile data 6034 | -7/Lower Caves | Learned Factory terminal intel 6126 | -7/Lower Caves | Build established: Hacker-Sprinter 6139 | -7/Lower Caves | Encountered a Warlord checkpoint 6204 | -7/Lower Caves | Discovered new exit (range 8) 6218 | -7/Lower Caves | Identified exit to Lower Caves 6220 | -7/Lower Caves | Entered another Lower Caves area 6513 | -7/Lower Caves | Learned location of 1 exit from Proximity Caves 6534 | -7/Lower Caves | Discovered new exit (range 8) 6540 | -7/Lower Caves | Identified exit to Data Miner 6560 | -7/Lower Caves | Encountered a Warlord checkpoint 6652 | -7/Lower Caves | Learned Factory stockpile data 6652 | -7/Lower Caves | Learned 8 Factory zone layouts 6652 | -7/Lower Caves | Learned location of 1 exit from Proximity Caves 6653 | -7/Lower Caves | Identified exit to Factory 6715 | -7/Lower Caves | Entered Data Miner 6715 | -7/Data Miner | Discovered new exit (range 6) 6720 | -7/Data Miner | Met Data Miner 6725 | -7/Data Miner | Learned location of Section 7 (-2) 6725 | -7/Data Miner | Acquired the access code to Warlord's prototype stash 6729 | -7/Data Miner | Received God Mode back door access code from Data Miner 6736 | -7/Data Miner | Identified exit to Proximity Caves 6736 | -7/Data Miner | Entered Proximity Caves 6739 | -6/Proximity Caves | Spotter reported a threat 6845 | -6/Proximity Caves | Spotted B-75 Beast 7058 | -6/Proximity Caves | Spotter reported a threat 7100 | -6/Proximity Caves | Learned Factory trap positions 7111 | -6/Proximity Caves | Spotter reported a threat 7147 | -6/Proximity Caves | Entered Factory 7147 | -6/Factory | Evolved 2 slots: Power x1, Propulsion x1 7149 | -6/Factory | Loaded intel: 71 trap records 7152 | -6/Factory | Loaded intel: 28 terminal locations 7189 | -6/Factory | Discovered new exit (range 16) 7189 | -6/Factory | Discovered new exit (range 16) 7194 | -6/Factory | Identified exit to Lower Caves 7497 | -6/Factory | Search patrols dispatched 7711 | -6/Factory | Identified exit to Extension 7744 | -6/Factory | Manually triggered Chute Trap 7744 | -6/Factory | Sucked down chute 7744 | -6/Factory | Entered Waste 7746 | -6/Waste | Spotted C-40 Crusher 7752 | -6/Waste | Spotted C-40 Crusher 7754 | -6/Waste | Spotted C-40 Crusher 7757 | -6/Waste | Spotted C-40 Crusher 7757 | -6/Waste | Spotted C-40 Crusher 7759 | -6/Waste | EMP discharged 7762 | -6/Waste | Discovered new exit (range 10) 7764 | -6/Waste | Identified exit to Factory 7764 | -6/Waste | Entered Factory 7789 | -6/Factory | Discovered exit to Lower Caves (range 10) 7883 | -6/Factory | Fabricated Combat Drone Bay? 8033 | -6/Factory | Fabricated Cmb. Antigrav System (x2) 8086 | -6/Factory | Discovered exit to Lower Caves (range 11) 8099 | -6/Factory | Fabricated Cmb. Antigrav System (x2) 8184 | -6/Factory | Fabricated Combat Drone Bay? 8623 | -6/Factory | Entered Lower Caves 8662 | -6/Lower Caves | Encountered a Warlord checkpoint 8675 | -6/Lower Caves | Learned Factory terminal intel 8687 | -6/Lower Caves | Found Alien Artifact 8687 | -6/Lower Caves | Identified Core Expander 8687 | -6/Lower Caves | Installed Core Expander, added new Propulsion slot 8782 | -6/Lower Caves | Build established: Machinist-Mutant 8903 | -6/Lower Caves | Discovered new exit (range 27) 8922 | -6/Lower Caves | Identified exit to Lower Caves 8926 | -6/Lower Caves | Entered another Lower Caves area 8926 | -6/Lower Caves | Accompanied by 4 allies 9099 | -6/Lower Caves | Attracted the attention of an 0b10 base 9272 | -6/Lower Caves | Learned location of 1 exit from Factory 9272 | -6/Lower Caves | Learned Research terminal intel 9310 | -6/Lower Caves | Discovered new exit (range 15) 9411 | -6/Lower Caves | Identified exit to Zion 9411 | -6/Lower Caves | Entered Zion 9412 | -6/Zion | Identified exit to Proximity Caves 9442 | -6/Zion | System corruption cleaned by Quarantine Array 9523 | -6/Zion | Given the Hacking Drone Bay 9524 | -6/Zion | Found Prototype Device 9684 | -6/Zion | Learned location of 2 exits from Factory 9749 | -6/Zion | Learned 12 Factory zone layouts 9928 | -6/Zion | Identified Hacking Drone Bay 10043 | -6/Zion | Imprinted 10045 | -6/Zion | Declared Zion's savior 10104 | -6/Zion | Found GAL Module 10330 | -6/Zion | Entered Proximity Caves 10330 | -5/Proximity Caves | Accompanied by 4 allies 10331 | -5/Proximity Caves | Identified exit to Factory 10533 | -5/Proximity Caves | Learned Factory emergency access door positions 10770 | -5/Proximity Caves | Entered Factory 10770 | -5/Factory | Accompanied by 3 allies 10770 | -5/Factory | Evolved 2 slots: Utility x2 10771 | -5/Factory | Identified exit to Upper Caves 10771 | -5/Factory | Identified exit to Factory 10774 | -5/Factory | Loaded intel: 26 terminal locations 10857 | -5/Factory | Zion hero teleported in (12-ASH) 11249 | -5/Factory | Retrieved Zion intel report: Prototype Schematics 11250 | -5/Factory | Zion Defense Resupply teleported in 11490 | -5/Factory | Retrieved Zion intel report: Unaware Schematics 11493 | -5/Factory | Retrieved Zion intel report: Component Stockpiles 11495 | -5/Factory | Cargo convoy interrupted 11512 | -5/Factory | Incoming assault squad redirected 11523 | -5/Factory | Retrieved Zion intel report: Depthwide Sectors/-1 11524 | -5/Factory | Zion Light squad teleported in 11540 | -5/Factory | Entered Upper Caves 11540 | -5/Upper Caves | Accompanied by 5 allies 11559 | -5/Upper Caves | Learned Factory garrison access intel 11700 | -5/Upper Caves | Encountered a Warlord checkpoint 11722 | -5/Upper Caves | Learned location of 1 exit from Factory 11725 | -5/Upper Caves | Discovered new exit (range 28) 11734 | -5/Upper Caves | Learned location of Warlord (-5) 11752 | -5/Upper Caves | Identified exit to Upper Caves 11757 | -5/Upper Caves | Entered another Upper Caves area 11757 | -5/Upper Caves | Accompanied by 5 allies 11795 | -5/Upper Caves | P-70 Sage assimilated allied XC-MOM(z) 11810 | -5/Upper Caves | Found Prototype Protection 11810 | -5/Upper Caves | Identified Zio. Weapon Casing 11994 | -5/Upper Caves | Discovered new exit (range 15) 12015 | -5/Upper Caves | Learned 8 Factory zone layouts 12038 | -5/Upper Caves | Identified exit to Warlord 12039 | -5/Upper Caves | Entered Warlord 12039 | -5/Warlord | Accompanied by 1 ally 12117 | -5/Warlord | Build established: Machinist-Scout 12451 | -5/Warlord | Learned Research trap positions 12451 | -5/Warlord | Learned Testing trap positions 12451 | -5/Warlord | Learned Quarantine trap positions 12452 | -5/Warlord | Learned 4 Command zone layouts 12452 | -5/Warlord | Learned Quarantine security intel 12465 | -5/Warlord | Rebuked by Warlord 12472 | -5/Warlord | Opened Warlord's prototype stash 12484 | -5/Warlord | Found Prototype Device 12484 | -5/Warlord | Identified Thermal Barrier 12490 | -5/Warlord | Warlord's base attacked by MAIN.C 12491 | -5/Warlord | Found Prototype Reactor 12491 | -5/Warlord | Identified Vortex Chain Reactor 12838 | -5/Warlord | Spotted Executioner 12840 | -5/Warlord | Warlord forces counterattacked 12916 | -5/Warlord | Spotted Executioner 12942 | -5/Warlord | Build established: Machinist-Mutant 12950 | -5/Warlord | Discovered new exit (range 14) 12957 | -5/Warlord | Identified exit to Proximity Caves 12961 | -5/Warlord | Entered Proximity Caves 12961 | -4/Proximity Caves | Accompanied by 2 allies 13169 | -4/Proximity Caves | Received a Behemoth hack from an annoying Tinkerer 13256 | -4/Proximity Caves | Build established: Machinist-Scout 13410 | -4/Proximity Caves | Entered Factory 13410 | -4/Factory | Accompanied by 1 ally 13410 | -4/Factory | Evolved 2 slots: Utility x2 13411 | -4/Factory | Identified exit to Armory 13412 | -4/Factory | Identified exit to Research 13414 | -4/Factory | Loaded intel: 4 garrison access locations 13438 | -4/Factory | Zion Defense Resupply teleported in 13541 | -4/Factory | Discovered new exit (range 9) 13545 | -4/Factory | Identified exit to Upper Caves 13618 | -4/Factory | Retrieved Zion intel report: Branch Access 13619 | -4/Factory | Zion Light squad teleported in 13722 | -4/Factory | Zion Trap Resupply teleported in 13914 | -4/Factory | Discovered exit to Research (range 16) 13917 | -4/Factory | Zion Fire squad teleported in 14144 | -4/Factory | Incoming investigation squad redirected 14167 | -4/Factory | Manually triggered Chute Trap 14167 | -4/Factory | Sucked down chute 14167 | -4/Factory | Entered Waste 14173 | -4/Waste | Spotted C-40 Crusher 14178 | -4/Waste | Spotted C-40 Crusher 14240 | -4/Waste | 3 allies followed down the chute 14241 | -4/Waste | Spotted C-40 Crusher 14278 | -4/Waste | Spotted C-40 Crusher 14278 | -4/Waste | Spotted C-40 Crusher 14279 | -4/Waste | Spotted C-40 Crusher 14742 | -4/Waste | Warlord forces began an assault 14750 | -4/Waste | Allies destroyed C-40 Crusher 14754 | -4/Waste | Allies destroyed C-40 Crusher 14757 | -4/Waste | Allies destroyed C-40 Crusher 14867 | -4/Waste | Discovered new exit (range 18) 15322 | -4/Waste | Identified exit to Factory 15333 | -4/Waste | Entered Factory 15333 | -4/Factory | Accompanied by 2 allies 15435 | -4/Factory | Zion Hover Resupply teleported in 15486 | -4/Factory | Found Quantum Capacitor 15551 | -4/Factory | Retrieved Zion intel report: Prototype Schematics 15552 | -4/Factory | Zion Demo squad teleported in 15595 | -4/Factory | Retrieved Zion intel report: Component Stockpiles 15665 | -4/Factory | Fabricated Cmb. Antigrav System? 15695 | -4/Factory | Retrieved Zion intel report: Emergency Access 15696 | -4/Factory | Zion Defense Resupply teleported in 15843 | -4/Factory | Zion Light squad teleported in 15850 | -4/Factory | Zion Hacker squad teleported in 15996 | -4/Factory | Fabricated Mni. Smartbomb Launcher? 16191 | -4/Factory | Entered Upper Caves 16191 | -4/Upper Caves | Accompanied by 1 ally 16200 | -4/Upper Caves | Encountered a Warlord checkpoint 16678 | -4/Upper Caves | Discovered new exit (range 36) 16696 | -4/Upper Caves | Learned 8 Research zone layouts 16713 | -4/Upper Caves | Identified exit to Upper Caves 16776 | -4/Upper Caves | Entered another Upper Caves area 16776 | -4/Upper Caves | Accompanied by 6 allies 16776 | -4/Upper Caves | Discovered exit to Research (range 6) 17017 | -4/Upper Caves | Learned location of Quarantine (-2) 17168 | -4/Upper Caves | Discovered new exit (range 46) 17206 | -4/Upper Caves | Identified exit to Zhirov 17218 | -4/Upper Caves | Entered Zhirov 17218 | -4/Zhirov | Accompanied by 1 ally 17218 | -4/Zhirov | Discovered new exit (range 3) 17231 | -4/Zhirov | Met Zhirov 17245 | -4/Zhirov | Learned location of Testing (-3) 17245 | -4/Zhirov | Learned location of Command (-1) 17249 | -4/Zhirov | Zhirov requested help retrieving the SGEMP Prototype 17261 | -4/Zhirov | Found Alien Artifact 17261 | -4/Zhirov | Identified Integrated Dissipator 17261 | -4/Zhirov | Installed Integrated Dissipator, increased core heat dissipation (+20) 17284 | -4/Zhirov | Found Alien Artifact 17340 | -4/Zhirov | Identified exit to Proximity Caves 17474 | -4/Zhirov | Attacked by Zhirov 17528 | -4/Zhirov | Cloak Generator disabled 17544 | -4/Zhirov | Zhirov warped through subspace 17553 | -4/Zhirov | Zhirov detonated his lab 17740 | -4/Zhirov | Entered Proximity Caves 17740 | -3/Proximity Caves | Accompanied by 2 allies 17986 | -3/Proximity Caves | Build established: Machinist-Ninja 18123 | -3/Proximity Caves | Discovered exit to Research (range 13) 18148 | -3/Proximity Caves | Entered Research 18148 | -3/Research | Evolved 2 slots: Propulsion x1, Utility x1 18149 | -3/Research | Identified exit to Research 18150 | -3/Research | Loaded intel: 100 trap records 18151 | -3/Research | Loaded intel: 21 terminal locations 18285 | -3/Research | Retrieved Zion intel report: Branch Access 18285 | -3/Research | Identified exit to Testing 18286 | -3/Research | Zion Hover Resupply teleported in 18771 | -3/Research | Retrieved Zion intel report: Prototype Schematics 18772 | -3/Research | Zion Trap Resupply teleported in 18859 | -3/Research | System corruption reached 10% 18952 | -3/Research | Entered Testing 18953 | -3/Testing | Loaded intel: 13 trap records 19054 | -3/Testing | Identified Transdimensional Reconstructor 19102 | -3/Testing | Found Prototype Device 19102 | -3/Testing | Identified AEGIS Remote Shield 19138 | -3/Testing | Found Prototype Energy Cannon 19138 | -3/Testing | Identified Null Cannon 19189 | -3/Testing | Retrieved Zion intel report: Prototype Schematics 19219 | -3/Testing | Found Prototype Energy Gun 19219 | -3/Testing | Identified Tachyon Dispersion Ray 19341 | -3/Testing | Retrieved Zion intel report: Unaware Analyses 19407 | -3/Testing | Retrieved Zion intel report: Active Garrisons 19436 | -3/Testing | Discovered exit to Research (range 23) 19446 | -3/Testing | Retrieved Zion intel report: Prototype Stockpiles 19457 | -3/Testing | Retrieved Zion intel report: Component Schematics 19710 | -3/Testing | Found Exp. Targeting Computer 19743 | -3/Testing | Found Prototype Protection 19743 | -3/Testing | Identified Hvy. Regenerative Plating 19806 | -3/Testing | Retrieved Zion intel report: Unaware Schematics 19819 | -3/Testing | Found Prototype Hackware 20146 | -3/Testing | Entered Research 20146 | -2/Research | Evolved 2 slots: Power x1, Propulsion x1 20166 | -2/Research | Zion Infowar Resupply teleported in 20170 | -2/Research | Found Prototype Device 20170 | -2/Research | Identified Exp. Transmission Jammer 20254 | -2/Research | Spotted B-90 Cyclops 20435 | -2/Research | Retrieved Zion intel report: Active Garrisons 20445 | -2/Research | Discovered new exit (range 19) 20521 | -2/Research | Retrieved Zion intel report: Guard Positions 20522 | -2/Research | Zion Light squad teleported in 20788 | -2/Research | Retrieved Zion intel report: Depthwide Sectors/-1 20823 | -2/Research | Retrieved Zion intel report: Emergency Access 20850 | -2/Research | P-80 Master assimilated allied KD-9W7(z) 21052 | -2/Research | Identified exit to Access 21119 | -2/Research | Discovered exit to Access (range 12) 21146 | -2/Research | Retrieved Zion intel report: Prototype Schematics 21175 | -2/Research | Discovered new exit (range 20) 21265 | -2/Research | System corruption reached 10% 21348 | -2/Research | Identified exit to Quarantine 21348 | -2/Research | Entered Quarantine 21349 | -2/Quarantine | Loaded intel: 17 trap records 21360 | -2/Quarantine | Found Alien Artifact 21407 | -2/Quarantine | Retrieved Zion intel report: Prototype Stockpiles 21419 | -2/Quarantine | Retrieved Zion intel report: Prototype Schematics 21518 | -2/Quarantine | Cryocooling Duct disabled 21533 | -2/Quarantine | Ambient heat levels rising (+20) 21533 | -2/Quarantine | Non-combat units ordered to evacuate 21560 | -2/Quarantine | Retrieved Zion intel report: Depthwide Sectors/0 21566 | -2/Quarantine | Retrieved Zion intel report: Depthwide Sectors/-1 21592 | -2/Quarantine | Build established: Machinist-Scout 21595 | -2/Quarantine | Discovered exit to Access (range 10) 21625 | -2/Quarantine | Retrieved Zion intel report: Unaware Analyses 21712 | -2/Quarantine | Retrieved Zion intel report: Unaware Schematics 21736 | -2/Quarantine | Cryocooling Duct disabled 21751 | -2/Quarantine | Ambient heat levels rising (+20) 21751 | -2/Quarantine | Combat units ordered to evacuate 21754 | -2/Quarantine | Found Alien Impact Weapon 21766 | -2/Quarantine | Retrieved Zion intel report: Emergency Access 21784 | -2/Quarantine | Found Alien Slashing Weapon 21784 | -2/Quarantine | Identified Sigix Broadsword 21851 | -2/Quarantine | Quarantine Guard activated 21855 | -2/Quarantine | Spotted Quarantine Guard 21855 | -2/Quarantine | Spotted Quarantine Guard 21855 | -2/Quarantine | Spotted Quarantine Guard 21855 | -2/Quarantine | Spotted Quarantine Guard 21856 | -2/Quarantine | Spotted Quarantine Guard 21956 | -2/Quarantine | Spotted Quarantine Guard 22028 | -2/Quarantine | Spotted Quarantine Guard 22040 | -2/Quarantine | Found Alien Artifact 22066 | -2/Quarantine | Spotted Fortress 22105 | -2/Quarantine | Discovered new exit (range 5) 22105 | -2/Quarantine | Spotted Quarantine Guard 22124 | -2/Quarantine | Entered Section 7 22124 | -2/Section 7 | Identified Core Reset Matrix 22124 | -2/Section 7 | Identified Core Stripper 22124 | -2/Section 7 | Identified Subatomic Replicator 22124 | -2/Section 7 | Used Core Reset Matrix 22128 | -2/Section 7 | Sensed 22 artifacts in vicinity 22143 | -2/Section 7 | Retrieved Zion intel report: Active Terminals 22174 | -2/Section 7 | Found Integrated Mediator 22174 | -2/Section 7 | Installed Integrated Mediator, increased core attachment efficiency. 22193 | -2/Section 7 | Found Integrated Dissipator 22193 | -2/Section 7 | Installed Integrated Dissipator, increased core heat dissipation (+20) 22262 | -2/Section 7 | Retrieved Zion intel report: Active Garrisons 22313 | -2/Section 7 | Spotted B-90 Cyclops 22386 | -2/Section 7 | Discovered exit to Access (range 16) 22435 | -2/Section 7 | Spotted B-99 Colossus 22473 | -2/Section 7 | Warped through subspace 22536 | -2/Section 7 | Found LRC Storage 22536 | -2/Section 7 | Installed LRC Storage, increased inventory capacity (+2) 22541 | -2/Section 7 | Found LRC Insulator 22541 | -2/Section 7 | Installed LRC Insulator, gained EM resistance (25) 22566 | -2/Section 7 | Found Integrated Dissipator 22566 | -2/Section 7 | Installed Integrated Dissipator, increased core heat dissipation (+20) 22568 | -2/Section 7 | Found Integrated Dissipator 22568 | -2/Section 7 | Installed Integrated Dissipator, increased core heat dissipation (+20) 22571 | -2/Section 7 | Found Integrated Dissipator 22571 | -2/Section 7 | Installed Integrated Dissipator, increased core heat dissipation (+20) 22731 | -2/Section 7 | Build established: Alien-Scout 22758 | -2/Section 7 | Released all parts (11) 22788 | -2/Section 7 | Lost 9 parts (3p3n3u) 22802 | -2/Section 7 | Found Transdimensional Reconstructor 22804 | -2/Section 7 | Found Transdimensional Reconstructor 22805 | -2/Section 7 | Identified Ghost Barrier 22811 | -2/Section 7 | Found Terrabomb 22939 | -2/Section 7 | Core integrity fell below 50% 22983 | -2/Section 7 | Integrated with Sigix Exoskeleton 23138 | -2/Section 7 | Found Sigix Sheargun 23201 | -2/Section 7 | Scanned by Researcher 23202 | -2/Section 7 | Intercept squad dispatched 23207 | -2/Section 7 | Spotted Executioner 23207 | -2/Section 7 | Warped through subspace 23226 | -2/Section 7 | Entered Access 23226 | -1/Access | Evolved 2 slots: Utility x1, Weapon x1 23228 | -1/Access | Build established: Alien-Sigix 23231 | -1/Access | Emitted hypermatrix ping 23236 | -1/Access | Assembled emerged from beneath the floor 23239 | -1/Access | Retrieved Zion intel report: Branch Access 23239 | -1/Access | Identified exit to Command 23267 | -1/Access | Found Prototype Processor 23267 | -1/Access | Identified Spectral Analyzer 23316 | -1/Access | Assembled emerged from beneath the floor 23371 | -1/Access | Entered Command 23376 | -1/Command | Emitted hypermatrix ping 23381 | -1/Command | Assembled emerged from beneath the floor 23433 | -1/Command | Assembled emerged from beneath the floor 23452 | -1/Command | Retrieved Zion intel report: Active Terminals 23465 | -1/Command | Assembled emerged from beneath the floor 23484 | -1/Command | Disengaged cave seal 23496 | -1/Command | Spotted B-99 Colossus 23508 | -1/Command | Found Unknown Device 23508 | -1/Command | Identified Launcher Loader 23562 | -1/Command | Destroyed B-99 Colossus 23576 | -1/Command | Spotted Combat Programmer 23576 | -1/Command | Spotted Combat Programmer 23576 | -1/Command | Spotted M Guard 23577 | -1/Command | Spotted M Guard 23590 | -1/Command | Allies destroyed Combat Programmer 23594 | -1/Command | Destroyed Combat Programmer 23602 | -1/Command | Destroyed M Guard 23605 | -1/Command | Destroyed M Guard 23605 | -1/Command | All MAIN.C guards destroyed 23613 | -1/Command | Found Prototype Processor 23613 | -1/Command | Identified Exp. Targeting Computer 23675 | -1/Command | Found Prototype Reactor 23675 | -1/Command | Identified Zero-point Reactor 23684 | -1/Command | Found Prototype Device 23684 | -1/Command | Identified Thermal Barrier 23726 | -1/Command | 0b10 Conduit disabled 23736 | -1/Command | Met MAIN.C 23751 | -1/Command | MAIN.C's shell transforms into a squad of autonomous robots 23751 | -1/Command | Destroyed MAIN.C Shell 23751 | -1/Command | Spotted M Shell/Def 23751 | -1/Command | Spotted M Shell/Atk 23751 | -1/Command | Spotted M Shell/Def 23751 | -1/Command | Spotted M Shell/Atk 23751 | -1/Command | Spotted M Shell/Atk 23751 | -1/Command | Spotted M Shell/Def 23751 | -1/Command | Spotted M Shell/Atk 23751 | -1/Command | Spotted M Shell/Def 23754 | -1/Command | MAIN.C activated Command garrisons 23754 | -1/Command | Used Terrabomb 23759 | -1/Command | Discovered new exit (range 17) 23824 | -1/Command | Sigix Exoskeleton integrity reduced to 80% 23875 | -1/Command | Sigix Exoskeleton integrity reduced to 60% 23895 | -1/Command | Used Subatomic Replicator to create Supercharged TR 23901 | -1/Command | Sigix Exoskeleton integrity reduced to 40% 23904 | -1/Command | Core integrity fell below 50% 23906 | -1/Command | Warped through subspace to slip node 23906 | -1/Command | Discovered new exit (range 5) 23909 | -1/Command | Entered Access_0 23910 | -1/Access_0 | Sensed 2 artifacts in vicinity 23910 | -1/Access_0 | Met Architect 23957 | -1/Access_0 | A6 warped into view 23960 | -1/Access_0 | Sigix Exoskeleton integrity reduced to 20% 23976 | -1/Access_0 | Destroyed A2 23980 | -1/Access_0 | Extracted Singularity Gate Test 138-C access codes from A2's data core 23993 | -1/Access_0 | Started Test 138-B, establishing a local singularity 23993 | -1/Access_0 | Started Test 138-C, cascade imminent 23993 | *** | Destroyed Tau Ceti IV! Last Messages --------------- 23988_ Penetrated by HV Slug. 23989_ Acquired 1 matter. 23993_ Connecting with Gate Controls... 23993_ Current location identified: Access_0 >>Gate Test 138-A Running Singularity Gate diagnostics... All systems nominal. >>Gate Test 138-B Preparing Singularity Gate activation... Stable singularity established. >>Gate Test 138-C Initiating Test 138-C... Warning: Experimental formulas incomplete. Potential effects include instability. Repeat command to confirm test. >>Gate Test 138-C Initiating Test 138-C... Applying incomplete calculations.... INSTABILITY DETECTED, CASCADE IMMINENT. [Achievement: Stardust] Map ----- +----------------------------------------------------+ | ?????????????????????????????????????????????????? | | ?????????????????????????????????????????????????? | | ?????????????????????????????????????????????????? | | ?????????????????????????????????????????????????? | | ?????????????????????????????????????????????????? | | ?????????????????????????????????????????????????? | | ?????????????????????????????????????????????????? | | ?????????????????????????????????????????????????? | | ?????????????????????????????????????????????????? | | ???????????????????????? ????????????????????????? | | ???????????????????# #####???????????????????? | | ????????????????#### ########????????????????? | | ???????????????""""" """""####???????????????? | | ?????????????###"""" """"#######?????????????? | | ????????????####" "####### ????????????? | | ???????????####"" ""###### ???????????? | | ??????????#####"" ""###### #??????????? | | ??????????######" "####### #??????????? | | ?????????#######" "####### ##?????????? | | ????????########" "####### ###????????? | | ????????########" "####### ###????????? | | ????????########" "####### ###????????? | | ???????########"" ""###### ####???????? | | ???????########"" ""###### ####???????? | | ???????#########" "####### ####???????? | | ???????#########"""" XA""####### ####???????? | | ??????#########""""" """""###### ####???????? | | ??????############## ########### #####??????? | | ??????############## ## ######## ####???????? | | ?????############### ## ##### ####???????? | | ?????############### ### #### ####?????#?? | | ?????############### ### #### ############ | | ?????############### ## ############ | | ?????######## #### ## ########### | | ????######## #### ##### ## ########### | | ?????####### g#### p##### ### ############ | | ?????####### g#### #### #### ############ | | ????######### g ########## ############# | | ?????######### ########## ############# | | ?????######### ########### ############# | | ?????######### ########## ############# | | ?????########## ### ######### ############# | | ?????############### "### 0### ############# | | ??????############### # "# "## ################# | | ??????################" " ################# | | ??????##################" ################# | | ???????################ " ##########"#####" | | ????????################## ########"" """"%! | | ????????#################" % ###"#" !!% | | ?????????###############" % %%% [!!* | +----------------------------------------------------+ Best States ------------- Heat Dissipation 227 Energy Generation 78 Energy Capacity 1540 Matter Stores 300 Matter Capacity 300 Sight Range 24 Robot Scan Range 16 Terrain Scan Range 24 Terrain Scan Density 210 ECM Strength 2 Jamming Range 22 Cloak Strength 4 Armor Coverage 600 Resistance: KI 50 Resistance: TH 50 Resistance: EX 50 Resistance: EM 75 Resistance: I 50 Resistance: S 50 Resistance: P 50 Evasion (%) 69 Targeting Accuracy 28 Core Analysis 8 Recoil Reduction 4 Offensive Hacking 20 Defensive Hacking 20 Authchip Count 4 Trap Extractor Capacity 4 Item Schematics ----------------- None Robot Schematics ------------------ None Fabricated ------------ Combat Drone Bay | x1 | -6/Factory | Authchip Cmb. Antigrav System | x2 | -6/Factory | Authchip Cmb. Antigrav System | x2 | -6/Factory | Authchip Combat Drone Bay | x1 | -6/Factory | Authchip Cmb. Antigrav System | x2 | -4/Factory | Authchip Mni. Smartbomb Launcher | x1 | -4/Factory Alien Tech Used ----------------- Core Expander Integrated Dissipator Sigix Broadsword Core Reset Matrix Integrated Mediator Transdimensional Reconstructor LRC Storage LRC Insulator Sigix Exoskeleton Sigix Sheargun Terrabomb Core Stripper Subatomic Replicator Supercharged TR Achievements -------------- Exposed Stardust Challenges ------------ None Game ------ Seed WeldingZionitePropulsion Manual? 0 Play Time 06:57:52 Cumulative 541.4 hours Start 2023.12.11 @ 17:52:08 End 2023.12.12 @ 23:12:00 Sessions 5 Manual Loads 0 Difficulty Rogue Special Mode None Game No. 591 Rogue 504 Adventurer 87 Explorer 0 Win Type 5 Total 30 Types 8/0/16/1/1/1/3/0/0 Lore% 92 Gallery% 94 Achievement% 79 Wizard Run 0 Options --------- ASCII 0 Keyboard 1 Movement Numpad Keybinds 0 Fullscreen 1 Font 18/SmallcapsGlow Map View 76x50 Tactical HUD 1 Map Filters NONE Filters NONE Steam 1 RUN: 5b5e2080-9eae-44ff-8d41-4f7dcfb7c4b9